Workbook

Sheet Прил 1
B1: Приложение 1
B2: к решению Совета депутатов Ромодановского сельского поселения Ромодановского муниципального района Республики Мордовия "О бюджете Ромодановского сельского поселения Ромодановского муниципального района Республики Мордовия на 2022 год и на плановый период 2023 и 2024 годов"
A3: НОРМАТИВЫ РАСПРЕДЕЛЕНИЯ ДОХОДОВ МЕЖДУ БЮДЖЕТОМ РОМОДАНОВСКОГО СЕЛЬСКОГО ПОСЕЛЕНИЯ РОМОДАНОВСКОГО МУНИЦИПАЛЬНОГО РАЙОНА РЕСПУБЛИКИ МОРДОВИЯ И БЮДЖЕТОМ РОМОДАНОВСКОГО МУНИЦИПАЛЬНОГО РАЙОНА РЕСПУБЛИКИ МОРДОВИЯ НА 2022 ГОД И НА ПЛАНОВЫЙ ПЕРИОД 2023 И 2024 ГОДОВ (в процентах от сумм, зачисляемых в консолидированный бюджет Ромодановского сельского поселения Ромодановского муниципального района Республики Мордовия)
A5: Наименование дохода | B5: Местные бюджеты,%
B6: Бюджеты поселений
A7: 1 | B7: 3
A8: Доходы от федеральных налогов и сборов
A9: В части погашения задолженности и перерасчетов по отмененным налогам, сборам и иным обязательным платежам
A10: Земельный налог (по обязательствам, возникшим до 1 января 2006 года), мобилизуемый на территориях поселений | B10: 100
A11: Налог с продаж | B11: 0
A12: Налог, взимаемый в виде стоимости патента в связи с применением упрощенной системы налогообложения (за налоговые периоды с 1 января 2011 года по 1 января 2013 года) | B12: 0
A13: Налог на рекламу | B13: 0
A14: Целевые сборы с граждан и предприятий, учреждений, организаций на содержание милиции, на благоустройство территорий, на нужды образования и другие цели | B14: 0
A15: Лицензионный сбор за право торговли спиртными напитками | B15: 0
A16: Прочие местные налоги и сборы | B16: 0
A17: В части доходов от оказания платных услуг (работ) и компенсации затрат государства
A18: Прочие доходы от оказания платных услуг (работ) получателями средств бюджетов муниципальных районов | B18: 0
A19: Прочие доходы от оказания платных услуг (работ) получателями средств бюджетов поселений | B19: 100
A20: Прочие доходы от компенсации затрат бюджетов муниципальных районов | B20: 0
A21: Прочие доходы от компенсации затрат бюджетов поселений | B21: 100
A22: В части административных платежей и сборов
A23: Платежи, взимаемые органами местного самоуправления (организациями) муниципальных районов за выполнение определенных функций | B23: 0
A24: Платежи, взимаемые органами местного самоуправления (организациями) поселений за выполнение определенных функций | B24: 100
A25: В части штрафов, санкций, возмещение ущерба
A26: Доходы от возмещения ущерба при возникновении страховых случаев, когда выгодоприобретателями выступают получатели средств бюджетов муниципальных районов | B26: 0
A27: Доходы от возмещения ущерба при возникновении страховых случаев, когда выгодоприобретателями выступают получатели средств бюджетов поселений | B27: 100
A28: Денежные взыскания (штрафы) и иные суммы, взыскиваемые с лиц, виновных в совершении преступлений, и в возмещение ущерба имуществу, зачисляемые в бюджеты муниципальных районов | B28: 0
A29: Денежные взыскания (штрафы) и иные суммы, взыскиваемые с лиц, виновных в совершении преступлений, и в возмещение ущерба имуществу, зачисляемые в бюджеты поселений | B29: 100
A30: Денежные взыскания, налагаемые в возмещение ущерба, причиненного в результате незаконного или нецелевого использования бюджетных средств (в части бюджетов муниципальных районов) | B30: 0
A31: Денежные взыскания, налагаемые в возмещение ущерба, причиненного в результате незаконного или нецелевого использования бюджетных средств (в части бюджетов поселений) | B31: 100
A32: Прочие поступления от денежных взысканий (штрафов) и иных сумм в возмещение ущерба, зачисляемые в бюджеты муниципальных районов | B32: 0
A33: Прочие поступления от денежных взысканий (штрафов) и иных сумм в возмещение ущерба, зачисляемые в бюджеты поселений | B33: 100
A34: В части прочих неналоговых доходов
A35: Невыясненные поступления, зачисляемые в бюджеты муниципальных районов | B35: 0
A36: Невыясненные поступления, зачисляемые в бюджеты поселений | B36: 100
A37: Прочие неналоговые доходы бюджетов муниципальных районов | B37: 0
A38: Прочие неналоговые доходы бюджетов поселений | B38: 100

Sheet Приложение 2
C1: Приложение 2 к решению Совета депутатов Ромодановского сельского поселения Ромодановского муниципального района Республики Мордовия «О бюджете Ромодановского сельского поселения Ромодановского муниципального района Республики Мордовия на 2022 год и на плановый период 2023 и 2024 годов»
A6: ОБЪЕМ БЕЗВОЗМЕЗДНЫХ ПОСТУПЛЕНИЙ В БЮДЖЕТ РОМОДАНОВСКОГО СЕЛЬСКОГО ПОСЕЛЕНИЯ РОМОДАНОВСКОГО МУНИЦИПАЛЬНОГО РАЙОНА РЕСПУБЛИКИ МОРДОВИЯ НА 2022 ГОД И НА ПЛАНОВЫЙ ПЕРИОД 2023 И 2024 ГОДОВ
E7: (тыс. рублей)
A8: Код | B8: Наименование | C8: Сумма
C9: 2022 год | D9: 2023 год | E9: 2024 год
A10: 2 00 00000 00 0000 000 | B10: БЕЗВОЗМЕЗДНЫЕ ПОСТУПЛЕНИЯ | C10: =C11+C34 -> 27916.5 | D10: =D11+D34 -> 4944.5 | E10: =E11+E34 -> 4474.9
A11: 2 02 00000 00 0000 000 | B11: Безвозмездные поступления от других бюджетов бюджетной системы Российской Федерации | C11: =C12+C17+C24+C29 -> 27916.5 | D11: =D12+D17+D24+D29 -> 4944.5 | E11: =E12+E17+E24+E29 -> 4474.9
A12: 2 02 10000 00 0000 150 | B12: Дотации бюджетам бюджетной системы Российской Федерации | C12: =C13+C15 -> 0 | D12: =D13+D15 -> 0 | E12: =E13+E15 -> 0
A13: 2 02 15001 00 0000 150 | B13: Дотации на выравнивание бюджетной обеспеченности | C13: =C14 -> 0 | D13: =D14 -> 0 | E13: =E14 -> 0
A14: 2 02 15001 10 0000 150 | B14: Дотации бюджетам сельских поселений на выравнивание бюджетной обеспеченности из бюджета субъекта Российской Федерации
A15: 2 02 15002 00 0000 150 | B15: Дотации бюджетам на поддержку мер по обеспечению сбалансированности бюджетов | C15: =C16 -> 0 | D15: =D16 -> 0 | E15: =E16 -> 0
A16: 2 02 15002 10 0000 150 | B16: Дотации бюджетам сельских поселений на поддержку мер по обеспечению сбалансированности бюджетов
A17: 2 02 20000 00 0000 150 | B17: Субсидии бюджетам бюджетной системы Российской Федерации (межбюджетные субсидии) | C17: =C18+C20+C22 -> 167.5 | D17: =D18+D20+D22 -> 0 | E17: =E18+E20+E22 -> 0
A18: 2 02 25555 00 0000 150 | B18: Субсидии бюджетам на реализацию программ формирования современной городской среды | C18: =C19 -> 0 | D18: =D19 -> 0 | E18: =E19 -> 0
A19: 2 02 25555 10 0000 150 | B19: Субсидии бюджетам на реализацию программ формирования современной городской среды
A20: 2 02 25576 00 0000 150 | B20: Субсидии бюджетам на обеспечение комплексного развития сельских территорий | C20: =C21 -> 0 | D20: =D21 -> 0 | E20: =E21 -> 0
A21: 2 02 25576 10 0000 150 | B21: Субсидии бюджетам на обеспечение комплексного развития сельских территорий
A22: 2 02 29999 00 0000 150 | B22: Прочие субсидии | C22: =C23 -> 167.5 | D22: =D23 -> 0 | E22: =E23 -> 0
A23: 2 02 29999 10 0000 150 | B23: Прочие субсидии бюджетам сельских поселений | C23: 167.5
A24: 2 02 30000 00 0000 150 | B24: Субвенции бюджетам бюджетной системы Российской Федерации | C24: =C25+C27 -> 496.7 | D24: =D25+D27 -> 513 | E24: =E25+E27 -> 531.3
A25: 2 02 30024 00 0000 150 | B25: Субвенции местным бюджетам на выполнение передаваемых полномочий субъектов Российской Федерации | C25: =C26 -> 2.5 | D25: =D26 -> 2.5 | E25: =E26 -> 2.5
A26: 2 02 30024 10 0000 150 | B26: Субвенции бюджетам сельских поселений на выполнение передаваемых полномочий субъектов Российской Федерации | C26: 2.5 | D26: 2.5 | E26: 2.5
A27: 2 02 35118 00 0000 150 | B27: Субвенции бюджетам на осуществление первичного воинского учета на территориях, где отсутствуют военные комиссариаты | C27: =C28 -> 494.2 | D27: =D28 -> 510.5 | E27: =E28 -> 528.8
A28: 2 02 35118 10 0000 150 | B28: Субвенции бюджетам сельских поселений на осуществление первичного воинского учета на территориях, где отсутствуют военные комиссариаты | C28: 494.2 | D28: 510.5 | E28: 528.8
A29: 2 02 40000 00 0000 150 | B29: Иные межбюджетные трансферты | C29: =C30 -> 27252.3 | D29: =D30 -> 4431.5 | E29: =E30 -> 3943.6
A30: 2 02 40014 00 0000 150 | B30: Межбюджетные трансферты, передаваемые бюджетам муниципальных образований на осуществление части полномочий по решению вопросов местного значения в соответствии с заключенными соглашениями | C30: =C31 -> 27252.3 | D30: =D31 -> 4431.5 | E30: =E31 -> 3943.6
A31: 2 02 40014 10 0000 150 | B31: Межбюджетные трансферты, передаваемые бюджетам сельских поселений из бюджетов муниципальных районов на осуществление части полномочий по решению вопросов местного значения в соответствии с заключенными соглашениями | C31: =C32 -> 27252.3 | D31: =D32 -> 4431.5 | E31: =E32 -> 3943.6
A32: 2 02 49999 00 0000 150 | B32: Прочие межбюджетные трансферты, передаваемые бюджетам | C32: =C33 -> 27252.3 | D32: =D33 -> 4431.5 | E32: =E33 -> 3943.6
A33: 2 02 49999 10 0000 150 | B33: Прочие межбюджетные трансферты , передаваемые бюджетам сельских поселений | C33: 27252.3 | D33: 4431.5 | E33: 3943.6
A34: 2 07 00000 00 0000 000 | B34: Прочие безвозмездные поступления | C34: =C35 -> 0 | D34: =D35 -> 0 | E34: =E35 -> 0
A35: 2 07 05000 10 0000 150 | B35: Прочие безвозмезные поступления в бюджеты сельских поселений

Sheet Приложение 3
I1: Приложение 3 к решению Совета депутатов Ромодановского сельского поселения Ромодановского муниципального района Республики Мордовия «О бюджете Ромодановского сельского поселения Ромодановского муниципального района Республики Мордовия на 2022 год и на плановый период 2023 и 2024 годов»
A2: ВЕДОМСТВЕННАЯ СТРУКТУРА РАСХОДОВ БЮДЖЕТА РОМОДАНОВСКОГО СЕЛЬСКОГО ПОСЕЛЕНИЯ РОМОДАНОВСКОГО МУНИЦИПАЛЬНОГО РАЙОНА РЕСПУБЛИКИ МОРДОВИЯ НА 2022 ГОД И НА ПЛАНОВЫЙ ПЕРИОД 2023 И 2024 ГОДОВ
I3: (тыс. рублей)
A4: Наименование | B4: Адм | C4: Рз | D4: Прз | E4: Цср | I4: Вр | J4: Сумма
J5: 2022 год | K5: 2023 год | L5: 2024 год
A6: 1 | B6: 2 | C6: 3 | D6: 4 | E6: 5 | F6: 6 | G6: 7 | H6: 8 | I6: 9 | J6: 10 | K6: 11 | L6: 12
A7: ВСЕГО | J7: =J8 -> 39648.2 | K7: =K8 -> 16972 | L7: =L8 -> 16782.5
A8: Администрация Ромодановского сельского поселения Ромодановского муниципального района Республики Мордовия | B8: 926 | J8: =J9+J41+J49+J62+J85 -> 39648.2 | K8: =K9+K41+K49+K62+K85+K92 -> 16972 | L8: =L9+L41+L49+L62+L85+L92 -> 16782.5
A9: Общегосударственные вопросы | B9: 926 | C9: 01 | J9: =J10+J16+J35 -> 4381.8 | K9: =K10+K16+K35 -> 4144.6 | L9: =L10+L16+L35 -> 4023.6
A10: Функционирование высшего должностного лица субъекта Российской Федерации и муниципального образования | B10: 926 | C10: 01 | D10: 02 | J10: =J11 -> 700 | K10: =K11 -> 398.5 | L10: =L11 -> 97.4
A11: Обеспечение деятельности аппарата Администрации | B11: 926 | C11: 01 | D11: 02 | E11: 65 | F11: 0 | J11: =J12 -> 700 | K11: =K12 -> 398.5 | L11: =L12 -> 97.4
A12: Высшее должностное лицо | B12: 926 | C12: 01 | D12: 02 | E12: 65 | F12: 1 | J12: =J13 -> 700 | K12: =K13 -> 398.5 | L12: =L13 -> 97.4
A13: Расходы на выплаты по оплате труда высшего должностного лица | B13: 926 | C13: 01 | D13: 02 | E13: 65 | F13: 1 | G13: 00 | H13: 41150 | J13: =J14 -> 700 | K13: =K14 -> 398.5 | L13: =L14 -> 97.4
A14: Расходы на выплаты персоналу в целях обеспечения выполнения функций государственными (муниципальными) органами, казенными учреждениями, органами управления государственными внебюджетными фондами | B14: 926 | C14: 01 | D14: 02 | E14: 65 | F14: 1 | G14: 00 | H14: 41150 | I14: 100 | J14: =J15 -> 700 | K14: =K15 -> 398.5 | L14: =L15 -> 97.4
A15: Расходы на выплаты персоналу государственных (муниципальных) органов | B15: 926 | C15: 01 | D15: 02 | E15: 65 | F15: 1 | G15: 00 | H15: 41150 | I15: 120 | J15: 700 | K15: 398.5 | L15: 97.4
A16: Функционирование Правительства Российской Федерации, высших исполнительных органов государственной власти субъектов Российской Федерации, местных администраций | B16: 926 | C16: 01 | D16: 04 | J16: =J17+J30+J22 -> 3631.8 | K16: =K17+K30 -> 3696.1 | L16: =L17+L30 -> 3876.2
A17: Обеспечение деятельности аппарата Администрации | B17: 926 | C17: 01 | D17: 04 | E17: 65 | F17: 0 | J17: =J18 -> 3461.8 | K17: =K18 -> 3693.6 | L17: =L18 -> 3873.7
A18: Непрограмные расходы в рамках обеспечение деятельности администрации сельского поселения | B18: 926 | C18: 01 | D18: 04 | E18: 65 | F18: 2 | J18: =J19+J26+J28 -> 3461.8 | K18: =K19+K26+K28 -> 3693.6 | L18: =L19+L26+L28 -> 3873.7
A19: Расходы на выплаты по оплате труда работников органов местного самоуправления | B19: 926 | C19: 01 | D19: 04 | E19: 65 | F19: 2 | G19: 00 | H19: 41110 | J19: =J20 -> 1800 | K19: =K20 -> 1900 | L19: =L20 -> 2000
A20: Расходы на выплаты персоналу в целях обеспечения выполнения функций государственными (муниципальными) органами, казенными учреждениями, органами управления государственными внебюджетными фондами | B20: 926 | C20: 01 | D20: 04 | E20: 65 | F20: 2 | G20: 00 | H20: 41110 | I20: 100 | J20: =J21 -> 1800 | K20: =K21 -> 1900 | L20: =L21 -> 2000
A21: Расходы на выплаты персоналу государственных (муниципальных) органов | B21: 926 | C21: 01 | D21: 04 | E21: 65 | F21: 2 | G21: 00 | H21: 41110 | I21: 120 | J21: 1800 | K21: 1900 | L21: 2000
A22: Субсидии на софинансирование расходных обязательств по финансовому обеспечению деятельности органов местного самоуправления и муниципальных учреждений | B22: 926 | C22: 01 | D22: 04 | E22: 65 | F22: 2 | G22: 00 | H22: 44205 | J22: =J23 -> 167.5
A23: =A20 -> Расходы на выплаты персоналу в целях обеспечения выполнения функций государственными (муниципальными) органами, казенными учреждениями, органами управления государственными внебюджетными фондами | B23: 926 | C23: 01 | D23: 04 | E23: 65 | F23: 2 | G23: 00 | H23: 44205 | I23: 100 | J23: =J24 -> 167.5
A24: =A21 -> Расходы на выплаты персоналу государственных (муниципальных) органов | B24: 926 | C24: 01 | D24: 04 | E24: 65 | F24: 2 | G24: 00 | H24: 44205 | I24: 120 | J24: 167.5
A25: Расходы на обеспечение функций органов местного самоуправления | B25: 926 | C25: 01 | D25: 04 | E25: 65 | F25: 2 | G25: 00 | H25: 41120 | J25: =J27+J28 -> 1661.8 | K25: =K26+K28 -> 1793.6 | L25: =L26+L28 -> 1873.7
A26: Закупка товаров, работ и услуг для обеспечения государственных (муниципальных) нужд | B26: 926 | C26: 01 | D26: 04 | E26: 65 | F26: 2 | G26: 00 | H26: 41120 | I26: 200 | J26: =J27 -> 1546.8 | K26: =K27 -> 1678.6 | L26: =L27 -> 1758.7
A27: Иные закупки товаров, работ и услуг для обеспечения государственных (муниципальных) нужд | B27: 926 | C27: 01 | D27: 04 | E27: 65 | F27: 2 | G27: 00 | H27: 41120 | I27: 240 | J27: 1546.8 | K27: 1678.6 | L27: 1758.7
A28: Иные бюджетные ассигнования | B28: 926 | C28: 01 | D28: 04 | E28: 65 | F28: 2 | G28: 00 | H28: 41120 | I28: 800 | J28: =J29 -> 115 | K28: =K29 -> 115 | L28: =L29 -> 115
A29: Уплата налогов, сборов и иных платежей | B29: 926 | C29: 01 | D29: 04 | E29: 65 | F29: 2 | G29: 00 | H29: 41120 | I29: 850 | J29: 115 | K29: 115 | L29: 115
A30: Непрограммные расходы главных распорядителей бюджетных средств Ромодановского сельского поселения Ромодановского муниципального района Республики Мордовия | B30: 926 | C30: 01 | D30: 04 | E30: 89 | F30: 0 | J30: =J31 -> 2.5 | K30: =K31 -> 2.5 | L30: =L31 -> 2.5
A31: Непрограммные расходы в рамках обеспечения деятельности главных распорядителей бюджетных средств Ромодановского сельского поселения Ромодановского муниципального района Республики Мордовия | B31: 926 | C31: 01 | D31: 04 | E31: 89 | F31: 1 | J31: =J32 -> 2.5 | K31: =K32 -> 2.5 | L31: =L32 -> 2.5
A32: Осуществление государственных полномочий Республики Мордовия по определению перечня должностных лиц, уполномоченных составлять протоколы об административных правонарушениях, предусмотренных Законом Республики Мордовия от 15 июня 2015 года № 38-З "Об административной ответственности на территории Республики Мордовия" | B32: 926 | C32: 01 | D32: 04 | E32: 89 | F32: 1 | G32: 00 | H32: 77150 | J32: =J33 -> 2.5 | K32: =K33 -> 2.5 | L32: =L33 -> 2.5
A33: Закупка товаров, работ и услуг для обеспечения государственных (муниципальных) нужд | B33: 926 | C33: 01 | D33: 04 | E33: 89 | F33: 1 | G33: 00 | H33: 77150 | I33: 200 | J33: =J34 -> 2.5 | K33: =K34 -> 2.5 | L33: =L34 -> 2.5
A34: Иные закупки товаров, работ и услуг для обеспечения государственных (муниципальных) нужд | B34: 926 | C34: 01 | D34: 04 | E34: 89 | F34: 1 | G34: 00 | H34: 77150 | I34: 240 | J34: 2.5 | K34: 2.5 | L34: 2.5
A35: Резервные фонды | B35: 926 | C35: 01 | D35: 11 | J35: =J36 -> 50 | K35: =K36 -> 50 | L35: =L36 -> 50
A36: Непрограммные расходы главных распорядителей бюджетных средств Ромодановского сельского поселения Ромодановского муниципального района Республики Мордовия | B36: 926 | C36: 01 | D36: 11 | E36: 89 | F36: 0 | J36: =J37 -> 50 | K36: =K37 -> 50 | L36: =L37 -> 50
A37: Непрограммные расходы в рамках обеспечения деятельности главных распорядителей бюджетных средств Ромодановского сельского поселенияРомодановского муниципального района Республики Мордовия | B37: 926 | C37: 01 | D37: 11 | E37: 89 | F37: 1 | J37: =J38 -> 50 | K37: =K38 -> 50 | L37: =L38 -> 50
A38: Резервный фонд Администрации Ромодановского сельского поселения Ромодановского муниципального района Республики Мордовия | B38: 926 | C38: 01 | D38: 11 | E38: 89 | F38: 1 | G38: 00 | H38: 41180 | J38: =J40 -> 50 | K38: =K40 -> 50 | L38: =L40 -> 50
A39: Иные бюджетные ассигнования | B39: 926 | C39: 01 | D39: 11 | E39: 89 | F39: 1 | G39: 00 | H39: 41180 | I39: 800 | J39: =J40 -> 50 | K39: =K40 -> 50 | L39: =L40 -> 50
A40: Резервные средства | B40: 926 | C40: 01 | D40: 11 | E40: 89 | F40: 1 | G40: 00 | H40: 41180 | I40: 870 | J40: 50 | K40: 50 | L40: 50
A41: Национальная оборона | B41: 926 | C41: 02 | J41: =J42 -> 494.2 | K41: =K42 -> 510.5 | L41: =L42 -> 528.8
A42: Мобилизация и вневойсковая подготовка | B42: 926 | C42: 02 | D42: 03 | J42: =J43 -> 494.2 | K42: =K43 -> 510.5 | L42: =L43 -> 528.8
A43: Программа повышения эффективности управления государственными финансами в Республике Мордовия | B43: 926 | C43: 02 | D43: 03 | E43: 17 | F43: 0 | J43: =J44 -> 494.2 | K43: =K44 -> 510.5 | L43: =L44 -> 528.8
A44: Подпрограмма "Повышения эффективности межбюджетных отношений" | B44: 926 | C44: 02 | D44: 03 | E44: 17 | F44: 3 | J44: =J45 -> 494.2 | K44: =K45 -> 510.5 | L44: =L45 -> 528.8
A45: Основное мероприятие: "Обеспечение осуществления органами местного самоуправления отдельных государственных полномочий" | B45: 926 | C45: 02 | D45: 03 | E45: 17 | F45: 3 | G45: 02 | J45: =J46 -> 494.2 | K45: =K46 -> 510.5 | L45: =L46 -> 528.8
A46: Осуществление первичного воинского учета на территориях где отсутствуют военные комиссариаты | B46: 926 | C46: 02 | D46: 03 | E46: 17 | F46: 3 | G46: 02 | H46: 51180 | J46: =J47 -> 494.2 | K46: =K47 -> 510.5 | L46: =L47 -> 528.8
A47: Закупка товаров, работ и услуг для обеспечения государственных (муниципальных) нужд | B47: 926 | C47: 02 | D47: 03 | E47: 17 | F47: 3 | G47: 02 | H47: 51180 | I47: 200 | J47: =J48 -> 494.2 | K47: =K48 -> 510.5 | L47: =L48 -> 528.8
A48: Иные закупки товаров, работ и услуг для обеспечения государственных (муниципальных) нужд | B48: 926 | C48: 02 | D48: 03 | E48: 17 | F48: 3 | G48: 02 | H48: 51180 | I48: 240 | J48: 494.2 | K48: 510.5 | L48: 528.8
A49: Национальная экономика | B49: 926 | C49: 04 | J49: =J50 -> 3544.8 | K49: =K50 -> 3371.5 | L49: =L50 -> 3943.6
A50: Дорожное хозяйство (дорожные фонды) | B50: 926 | C50: 04 | D50: 09 | J50: =J51+J56 -> 3544.8 | K50: =K56 -> 3371.5 | L50: =L56 -> 3943.6
A51: Муниципальная целевая программа «Жилище»на 2020-2025 годы Ромодановского муниципального района | B51: 926 | C51: 04 | D51: 09 | E51: 04 | F51: 0 | J51: =J52 -> 600
A52: Региональный проект "Жилье" | B52: 926 | C52: 04 | D52: 09 | E52: 04 | F52: 0 | G52: F1 | J52: =J53 -> 600
A53: =A59 -> осуществление полномочий по дорожной деятельности в отношении автомобильных дорог местного значения в границах населенных пунктов поселения и обеспечению безопасности дорожного движения на них, включая создание и обеспечение функционирования парковок (парковочных мест), осуществлению муниципального контроля за сохранностью автомобильных дорог местного значения в границах населенных пунктов поселения, организации дорожного движения, а также осуществлению иных полномочий в области использования автомобильных дорог и осуществления дорожной деятельности в соответствии с законодательством Российской Федерации | B53: 926 | C53: 04 | D53: 09 | E53: 04 | F53: 0 | G53: F1 | H53: 44102 | J53: =J54 -> 600
A54: Капитальные вложения в объекты государственной (муниципальной) собственности | B54: 926 | C54: 04 | D54: 09 | E54: 04 | F54: 0 | G54: F1 | H54: 44102 | I54: 400 | J54: =J55 -> 600
A55: Бюджетные инвестиции | B55: 926 | C55: 04 | D55: 09 | E55: 04 | F55: 0 | G55: F1 | H55: 44102 | I55: 410 | J55: 600
A56: Программа «Комплексное развитие транспортной инфраструктуры Ромодановского сельского поселения Ромодановского муниципального района Республики Мордовия на 2019- 2027 года" | B56: 926 | C56: 04 | D56: 09 | E56: 10 | F56: 0 | J56: =J58 -> 2944.8 | K56: =K58 -> 3371.5 | L56: =L58 -> 3943.6
A57: Подпрограмма «Комплексное развитие транспортной инфраструктуры Ромодановского сельского поселения Ромодановского муниципального района Республики Мордовия на 2019- 2027 года" | B57: 926 | C57: 04 | D57: 09 | E57: 10 | F57: 1 | J57: =J58 -> 2944.8 | K57: =K58 -> 3371.5 | L57: =L58 -> 3943.6
A58: Основное мероприятие "Ремонт и содержание дорог в границах поселения, поддержание дорожного полотна в работоспособном состоянии" | B58: 926 | C58: 04 | D58: 09 | E58: 10 | F58: 1 | G58: 02 | J58: =J59 -> 2944.8 | K58: =K59 -> 3371.5 | L58: =L59 -> 3943.6
A59: осуществление полномочий по дорожной деятельности в отношении автомобильных дорог местного значения в границах населенных пунктов поселения и обеспечению безопасности дорожного движения на них, включая создание и обеспечение функционирования парковок (парковочных мест), осуществлению муниципального контроля за сохранностью автомобильных дорог местного значения в границах населенных пунктов поселения, организации дорожного движения, а также осуществлению иных полномочий в области использования автомобильных дорог и осуществления дорожной деятельности в соответствии с законодательством Российской Федерации | B59: 926 | C59: 04 | D59: 09 | E59: 10 | F59: 1 | G59: 02 | H59: 44102 | J59: =J60 -> 2944.8 | K59: =K60 -> 3371.5 | L59: =L60 -> 3943.6
A60: Закупка товаров, работ и услуг для обеспечения государственных (муниципальных) нужд | B60: 926 | C60: 04 | D60: 09 | E60: 10 | F60: 1 | G60: 02 | H60: 44102 | I60: 200 | J60: =J61 -> 2944.8 | K60: =K61 -> 3371.5 | L60: =L61 -> 3943.6
A61: Иные закупки товаров, работ и услуг для обеспечения государственных (муниципальных) нужд | B61: 926 | C61: 04 | D61: 09 | E61: 10 | F61: 1 | G61: 02 | H61: 44102 | I61: 240 | J61: 2944.8 | K61: 3371.5 | L61: 3943.6
A62: Жилищно-коммунальное хозяйство | B62: 926 | C62: 05 | J62: =J63+J78 -> 31053.5 | K62: =K63+K78 -> 8360 | L62: =L63+L78 -> 7300
A63: Благоустройство | B63: 926 | C63: 05 | D63: 03 | J63: =J64+J73 -> 14525.5 | K63: =K64+K73 -> 7300 | L63: =L64+L73 -> 7300
A64: Программа "Комплексное развитие коммунальной инфраструктуры Ромодановского сельского поселения Ромодановского муниципального района Республики Мордовия на 2017-2027 года" | B64: 926 | C64: 05 | D64: 03 | E64: 10 | F64: 0 | J64: =J66 -> 7346 | K64: =K66 -> 7300 | L64: =L66 -> 7300
A65: Подпрограмма "Комплексное развитие коммунальной инфраструктуры Ромодановского сельского поселения Ромодановского муниципального района Республики Мордовия на 2017-2027 года" | B65: 926 | C65: 05 | D65: 03 | E65: 10 | F65: 1 | J65: =J66 -> 7346 | K65: =K66 -> 7300 | L65: =L66 -> 7300
A66: Основное мероприятие "Благоустройство территории" | B66: 926 | C66: 05 | D66: 03 | E66: 10 | F66: 1 | G66: 07 | J66: =J67+J70 -> 7346 | K66: =K67+K70 -> 7300 | L66: =L67+L70 -> 7300
A67: Уличное освещение | B67: 926 | C67: 05 | D67: 03 | E67: 10 | F67: 1 | G67: 07 | H67: 43010 | J67: =J68 -> 2300 | K67: =K68 -> 2300 | L67: =L68 -> 2300
A68: Закупка товаров, работ и услуг для обеспечения государственных (муниципальных) нужд | B68: 926 | C68: 05 | D68: 03 | E68: 10 | F68: 1 | G68: 07 | H68: 43010 | I68: 200 | J68: =J69 -> 2300 | K68: =K69 -> 2300 | L68: =L69 -> 2300
A69: Иные закупки товаров, работ и услуг для обеспечения государственных (муниципальных) нужд | B69: 926 | C69: 05 | D69: 03 | E69: 10 | F69: 1 | G69: 07 | H69: 43010 | I69: 240 | J69: 2300 | K69: 2300 | L69: 2300
A70: Прочие мероприятия по благоустройству | B70: 926 | C70: 05 | D70: 03 | E70: 10 | F70: 1 | G70: 07 | H70: 43040 | J70: =J71 -> 5046 | K70: =K71 -> 5000 | L70: =L71 -> 5000
A71: Закупка товаров, работ и услуг для обеспечения государственных (муниципальных) нужд | B71: 926 | C71: 05 | D71: 03 | E71: 10 | F71: 1 | G71: 07 | H71: 43040 | I71: 200 | J71: =J72 -> 5046 | K71: =K72 -> 5000 | L71: =L72 -> 5000
A72: Иные закупки товаров, работ и услуг для обеспечения государственных (муниципальных) нужд | B72: 926 | C72: 05 | D72: 03 | E72: 10 | F72: 1 | G72: 07 | H72: 43040 | I72: 240 | J72: 5046 | K72: 5000 | L72: 5000
A73: Муниципальная программа "Формирование современной городкой среды на территории Ромодановского сельского поселения на 2018-2024гг" | B73: 926 | C73: 05 | D73: 03 | E73: 28 | F73: 0 | J73: =J74 -> 7179.5 | K73: =K74 -> 0 | L73: =L74 -> 0
A74: Основное мероприятие «Благоустройство дворовых территорий многоквартирных домов" | B74: 926 | C74: 05 | D74: 03 | E74: 28 | F74: 0 | G74: F2 | J74: =J75 -> 7179.5 | K74: =K75 -> 0 | L74: =L75 -> 0
A75: Благоустройство дворовых территорий | B75: 926 | C75: 05 | D75: 03 | E75: 28 | F75: 0 | G75: F2 | H75: 55552 | J75: =J76 -> 7179.5 | K75: =K76 -> 0 | L75: =L76 -> 0
A76: Закупка товаров, работ и услуг для обеспечения государственных (муниципальных) нужд | B76: 926 | C76: 05 | D76: 03 | E76: 28 | F76: 0 | G76: F2 | H76: 55552 | I76: 200 | J76: =J77 -> 7179.5 | K76: =K77 -> 0 | L76: =L77 -> 0
A77: Иные закупки товаров, работ и услуг для обеспечения государственных (муниципальных) нужд | B77: 926 | C77: 05 | D77: 03 | E77: 28 | F77: 0 | G77: F2 | H77: 55552 | I77: 240 | J77: 7179.5
A78: Другие вопросы в области жилищно-коммунального хозяйства | B78: 926 | C78: 05 | D78: 05 | J78: =J79 -> 16528 | K78: =K79 -> 1060 | L78: =L79 -> 0
A79: Муниципальная программа Ромодановского сельского поселения «Комплексное развитие сельских территори»на 2020-2025 гг" | B79: 926 | C79: 05 | D79: 05 | E79: 22 | F79: 0 | J79: =J80 -> 16528 | K79: =K80 -> 1060 | L79: =L80 -> 0
A80: Подпрограмма «Создание и развитие инфраструктуры на сельских территориях» | B80: 926 | C80: 05 | D80: 05 | E80: 22 | F80: 2 | J80: =J81 -> 16528 | K80: =K81 -> 1060 | L80: =L81 -> 0
A81: Основное мероприятие «Развитие инженерной инфраструктуры на сельских территориях» | B81: 926 | C81: 05 | D81: 05 | E81: 22 | F81: 2 | G81: 05 | J81: =J82 -> 16528 | K81: =K82 -> 1060 | L81: =L82 -> 0
A82: Обустройство объектами инженерной инфраструктуры и благоустройство площадок, расположенных на сельских территориях, под компактную жилищную застройку | B82: 926 | C82: 05 | D82: 05 | E82: 22 | F82: 2 | G82: 05 | H82: L5763 | J82: =J83 -> 16528 | K82: =K83 -> 1060 | L82: =L83 -> 0
A83: Капитальные вложения в объекты государственной (муниципальной) собственности | B83: 926 | C83: 05 | D83: 05 | E83: 22 | F83: 2 | G83: 05 | H83: L5763 | I83: 400 | J83: =J84 -> 16528 | K83: =K84 -> 1060 | L83: =L84 -> 0
A84: Бюджетные инвестиции | B84: 926 | C84: 05 | D84: 05 | E84: 22 | F84: 2 | G84: 05 | H84: L5763 | I84: 410 | J84: 16528 | K84: 1060 | L84: 0
A85: Социальная политика | B85: 926 | C85: 10 | J85: =J86 -> 173.9 | K85: =K86 -> 173.9 | L85: =L86 -> 173.9
A86: Пенсионное обеспечение | B86: 926 | C86: 10 | D86: 01 | J86: =J87 -> 173.9 | K86: =K87 -> 173.9 | L86: =L87 -> 173.9
A87: Непрограммные расходы главных распорядителей бюджетных средств Ромодановского сельского поселения Ромодановского муниципального района Республики Мордовия | B87: 926 | C87: 10 | D87: 01 | E87: 89 | F87: 0 | J87: =J88 -> 173.9 | K87: =K88 -> 173.9 | L87: =L88 -> 173.9
A88: Непрограммные расходы в рамках обеспечения деятельности главных распорядителей бюджетных средств Ромодановского сельского поселения Ромодановского муниципального района Республики Мордовия | B88: 926 | C88: 10 | D88: 01 | E88: 89 | F88: 1 | J88: =J89 -> 173.9 | K88: =K89 -> 173.9 | L88: =L89 -> 173.9
A89: Доплаты к пенсиям муниципальных служащих Республики Мордовия | B89: 926 | C89: 10 | D89: 01 | E89: 89 | F89: 1 | G89: 00 | H89: 03010 | J89: =J90 -> 173.9 | K89: =K90 -> 173.9 | L89: =L90 -> 173.9
A90: Социальное обеспечение и иные выплаты населению | B90: 926 | C90: 10 | D90: 01 | E90: 89 | F90: 1 | G90: 00 | H90: 03010 | I90: 300 | J90: =J91 -> 173.9 | K90: =K91 -> 173.9 | L90: =L91 -> 173.9
A91: Публичные нормативные социальные выплаты гражданам | B91: 926 | C91: 10 | D91: 01 | E91: 89 | F91: 1 | G91: 00 | H91: 03010 | I91: 310 | J91: 173.9 | K91: 173.9 | L91: 173.9
A92: Условно утвержденные расходы | B92: 926 | C92: 99 | K92: =K93 -> 411.5 | L92: =L93 -> 812.6
A93: Условно утвержденные расходы | B93: 926 | C93: 99 | D93: 99 | K93: =K94 -> 411.5 | L93: =L94 -> 812.6
A94: Обеспечение деятельности аппарата Администрации | B94: 926 | C94: 99 | D94: 99 | E94: 65 | F94: 0 | K94: =K95 -> 411.5 | L94: =L95 -> 812.6
A95: Высшее должностное лицо | B95: 926 | C95: 99 | D95: 99 | E95: 65 | F95: 1 | K95: =K96 -> 411.5 | L95: =L96 -> 812.6
A96: Расходы,связаннын с муниципальном управлением | B96: 926 | C96: 99 | D96: 99 | E96: 65 | F96: 1 | G96: 00 | H96: 41000 | K96: =K97 -> 411.5 | L96: =L97 -> 812.6
A97: Условно утвержденные расходы | B97: 926 | C97: 99 | D97: 99 | E97: 65 | F97: 1 | G97: 00 | H97: 41990 | K97: =K98 -> 411.5 | L97: =L98 -> 812.6
A98: Иные бюджетные ассигнования | B98: 926 | C98: 99 | D98: 99 | E98: 65 | F98: 1 | G98: 00 | H98: 41990 | I98: 800 | K98: =K99 -> 411.5 | L98: =L99 -> 812.6
A99: Резервные средства | B99: 926 | C99: 99 | D99: 99 | E99: 65 | F99: 1 | G99: 00 | H99: 41990 | I99: 870 | K99: 411.5 | L99: 812.6

Sheet Приложение 4
H1: Приложение 4 к решению Совета депутатов Ромодановского сельского поселения Ромодановского муниципального района Республики Мордовия «О бюджете Ромодановского сельского поселения Ромодановского муниципального района Республики Мордовия на 2022 год и на плановый период 2023 и 2024 годов»
A2: РАСПРЕДЕЛЕНИЕ БЮДЖЕТНЫХ АССИГНОВАНИЙ БЮДЖЕТА РОМОДАНОВСКОГО СЕЛЬСКОГО ПОСЕЛЕНИЯ РОМОДАНОВСКОГО МУНИЦИПАЛЬНОГО РАЙОНА РЕСПУБЛИКИ МОРДОВИЯ ПО РАЗДЕЛАМ, ПОДРАЗДЕЛАМ, ЦЕЛЕВЫМ СТАТЬЯМ (МУНИЦИПАЛЬНЫМ ПРОГРАММАМ И НЕПРОГРАММНЫМ НАПРАВЛЕНИЯМ ДЕЯТЕЛЬНОСТИ), ГРУППАМ И ПОДГРУППАМ ВИДОВ РАСХОДОВ КЛАССИФИКАЦИИ РАСХОДОВ БЮДЖЕТОВ НА 2022 ГОД И НА ПЛАНОВЫЙ ПЕРИОД 2023 И 2024 ГОДОВ
H3: (тыс. рублей)
A4: 1 | B4: Рз | C4: Прз | D4: Цср | H4: Вр | I4: Сумма
A5: 1 | I5: 2022 год | J5: 2023 год | K5: 2024 год
B6: 2 | C6: 3 | D6: 4 | E6: 5 | F6: 6 | G6: 7 | H6: 8 | I6: 9 | J6: 10 | K6: 11
A7: ВСЕГО | I7: =I8+I40+I48+I61+I84 -> 39648.2 | J7: =J8+J40+J48+J61+J84+J91 -> 16972 | K7: =K8+K40+K48+K61+K84+K91 -> 16782.5
A8: Общегосударственные вопросы | B8: 01 | I8: =I9+I15+I34 -> 4381.8 | J8: =J9+J15+J34 -> 4144.6 | K8: =K9+K15+K34 -> 4023.6
A9: Функционирование высшего должностного лица субъекта Российской Федерации и муниципального образования | B9: 01 | C9: 02 | I9: =I10 -> 700 | J9: =J10 -> 398.5 | K9: =K10 -> 97.4
A10: Обеспечение деятельности аппарата Администрации | B10: 01 | C10: 02 | D10: 65 | E10: 0 | I10: =I11 -> 700 | J10: =J11 -> 398.5 | K10: =K11 -> 97.4
A11: Высшее должностное лицо | B11: 01 | C11: 02 | D11: 65 | E11: 1 | I11: =I12 -> 700 | J11: =J12 -> 398.5 | K11: =K12 -> 97.4
A12: Расходы на выплаты по оплате труда высшего должностного лица | B12: 01 | C12: 02 | D12: 65 | E12: 1 | F12: 00 | G12: 41150 | I12: =I13 -> 700 | J12: =J13 -> 398.5 | K12: =K13 -> 97.4
A13: Расходы на выплаты персоналу в целях обеспечения выполнения функций государственными (муниципальными) органами, казенными учреждениями, органами управления государственными внебюджетными фондами | B13: 01 | C13: 02 | D13: 65 | E13: 1 | F13: 00 | G13: 41150 | H13: 100 | I13: =I14 -> 700 | J13: =J14 -> 398.5 | K13: =K14 -> 97.4
A14: Расходы на выплаты персоналу государственных (муниципальных) органов | B14: 01 | C14: 02 | D14: 65 | E14: 1 | F14: 00 | G14: 41150 | H14: 120 | I14: ='Приложение 3'!J15 -> 700 | J14: ='Приложение 3'!K15 -> 398.5 | K14: ='Приложение 3'!L15 -> 97.4
A15: Функционирование Правительства Российской Федерации, высших исполнительных органов государственной власти субъектов Российской Федерации, местных администраций | B15: 01 | C15: 04 | I15: =I16+I29+I21 -> 3631.8 | J15: =J16+J29 -> 3696.1 | K15: =K16+K29 -> 3876.2
A16: Обеспечение деятельности аппарата Администрации | B16: 01 | C16: 04 | D16: 65 | E16: 0 | I16: =I17 -> 3461.8 | J16: =J17 -> 3693.6 | K16: =K17 -> 3873.7
A17: Непрограмные расходы в рамках обеспечение деятельности Администрации сельского поселения | B17: 01 | C17: 04 | D17: 65 | E17: 2 | I17: =I18+I24 -> 3461.8 | J17: =J18+J24 -> 3693.6 | K17: =K18+K24 -> 3873.7
A18: Расходы на выплаты по оплате труда работников органов местного самоуправления | B18: 01 | C18: 04 | D18: 65 | E18: 2 | F18: 00 | G18: 41110 | I18: =I19 -> 1800 | J18: =J19 -> 1900 | K18: =K19 -> 2000
A19: Расходы на выплаты персоналу в целях обеспечения выполнения функций государственными (муниципальными) органами, казенными учреждениями, органами управления государственными внебюджетными фондами | B19: 01 | C19: 04 | D19: 65 | E19: 2 | F19: 00 | G19: 41110 | H19: 100 | I19: =I20 -> 1800 | J19: =J20 -> 1900 | K19: =K20 -> 2000
A20: Расходы на выплаты персоналу государственных (муниципальных) органов | B20: 01 | C20: 04 | D20: 65 | E20: 2 | F20: 00 | G20: 41110 | H20: 120 | I20: ='Приложение 3'!J21 -> 1800 | J20: ='Приложение 3'!K21 -> 1900 | K20: ='Приложение 3'!L21 -> 2000
A21: ='Приложение 3'!A22 -> Субсидии на софинансирование расходных обязательств по финансовому обеспечению деятельности органов местного самоуправления и муниципальных учреждений | B21: 01 | C21: 04 | D21: 65 | E21: 2 | F21: 00 | G21: 44205 | I21: =I22 -> 167.5
A22: ='Приложение 3'!A23 -> Расходы на выплаты персоналу в целях обеспечения выполнения функций государственными (муниципальными) органами, казенными учреждениями, органами управления государственными внебюджетными фондами | B22: 01 | C22: 04 | D22: 65 | E22: 2 | F22: 00 | G22: 44205 | H22: 100 | I22: =I23 -> 167.5
A23: ='Приложение 3'!A24 -> Расходы на выплаты персоналу государственных (муниципальных) органов | B23: 01 | C23: 04 | D23: 65 | E23: 2 | F23: 00 | G23: 44205 | H23: 120 | I23: ='Приложение 3'!J24 -> 167.5
A24: Расходы на обеспечение функций органов местного самоуправления | B24: 01 | C24: 04 | D24: 65 | E24: 2 | F24: 00 | G24: 41120 | I24: =+I25+I27 -> 1661.8 | J24: =+J25+J27 -> 1793.6 | K24: =+K25+K27 -> 1873.7
A25: Закупка товаров, работ и услуг для обеспечения государственных (муниципальных) нужд | B25: 01 | C25: 04 | D25: 65 | E25: 2 | F25: 00 | G25: 41120 | H25: 200 | I25: =I26 -> 1546.8 | J25: =J26 -> 1678.6 | K25: =K26 -> 1758.7
A26: Иные закупки товаров, работ и услуг для обеспечения государственных (муниципальных) нужд | B26: 01 | C26: 04 | D26: 65 | E26: 2 | F26: 00 | G26: 41120 | H26: 240 | I26: ='Приложение 3'!J27 -> 1546.8 | J26: ='Приложение 3'!K27 -> 1678.6 | K26: ='Приложение 3'!L27 -> 1758.7
A27: Иные бюджетные ассигнования | B27: 01 | C27: 04 | D27: 65 | E27: 2 | F27: 00 | G27: 41120 | H27: 800 | I27: =I28 -> 115 | J27: =J28 -> 115 | K27: =K28 -> 115
A28: Уплата налогов, сборов и иных платежей | B28: 01 | C28: 04 | D28: 65 | E28: 2 | F28: 00 | G28: 41120 | H28: 850 | I28: ='Приложение 3'!J29 -> 115 | J28: ='Приложение 3'!K29 -> 115 | K28: ='Приложение 3'!L29 -> 115
A29: Непрограммные расходы главных распорядителей бюджетных средств Ромодановского сельского поселения Ромодановского муниципального района Республики Мордовия | B29: 01 | C29: 04 | D29: 89 | E29: 0 | I29: =I30 -> 2.5 | J29: =J30 -> 2.5 | K29: =K30 -> 2.5
A30: Непрограммные расходы в рамках обеспечения деятельности главных распорядителей бюджетных средств Ромодановского сельского поселения Ромодановского муниципального района Республики Мордовия | B30: 01 | C30: 04 | D30: 89 | E30: 1 | I30: =I31 -> 2.5 | J30: =J31 -> 2.5 | K30: =K31 -> 2.5
A31: Осуществление государственных полномочий Республики Мордовия по определению перечня должностных лиц, уполномоченных составлять протоколы об административных правонарушениях, предусмотренных Законом Республики Мордовия от 15 июня 2015 года № 38-З "Об административной ответственности на территории Республики Мордовия" | B31: 01 | C31: 04 | D31: 89 | E31: 1 | F31: 00 | G31: 77150 | I31: =I32 -> 2.5 | J31: =J32 -> 2.5 | K31: =K32 -> 2.5
A32: Закупка товаров, работ и услуг для обеспечения государственных (муниципальных) нужд | B32: 01 | C32: 04 | D32: 89 | E32: 1 | F32: 00 | G32: 77150 | H32: 200 | I32: =I33 -> 2.5 | J32: =J33 -> 2.5 | K32: =K33 -> 2.5
A33: Иные закупки товаров, работ и услуг для обеспечения государственных (муниципальных) нужд | B33: 01 | C33: 04 | D33: 89 | E33: 1 | F33: 00 | G33: 77150 | H33: 240 | I33: ='Приложение 3'!J34 -> 2.5 | J33: ='Приложение 3'!K34 -> 2.5 | K33: ='Приложение 3'!L34 -> 2.5
A34: Резервные фонды | B34: 01 | C34: 11 | I34: =I35 -> 50 | J34: =J35 -> 50 | K34: =K35 -> 50
A35: Непрограммные расходы главных распорядителей бюджетных средств Ромодановского сельского поселения Ромодановского муниципального района Республики Мордовия | B35: 01 | C35: 11 | D35: 89 | E35: 0 | I35: =I36 -> 50 | J35: =J36 -> 50 | K35: =K36 -> 50
A36: Непрограммные расходы в рамках обеспечения деятельности главных распорядителей бюджетных средств Ромодановского сельского поселения Ромодановского муниципального района Республики Мордовия | B36: 01 | C36: 11 | D36: 89 | E36: 1 | I36: =I37 -> 50 | J36: =J37 -> 50 | K36: =K37 -> 50
A37: Резервный фонд администрации Ромодановского сельского поселения Ромодановского муниципального района | B37: 01 | C37: 11 | D37: 89 | E37: 1 | F37: 00 | G37: 41180 | I37: =I39 -> 50 | J37: =J39 -> 50 | K37: =K39 -> 50
A38: Иные бюджетные ассигнования | B38: 01 | C38: 11 | D38: 89 | E38: 1 | F38: 00 | G38: 41180 | H38: 800 | I38: =I39 -> 50 | J38: =J39 -> 50 | K38: =K39 -> 50
A39: Резервные средства | B39: 01 | C39: 11 | D39: 89 | E39: 1 | F39: 00 | G39: 41180 | H39: 870 | I39: ='Приложение 3'!J40 -> 50 | J39: ='Приложение 3'!K40 -> 50 | K39: ='Приложение 3'!L40 -> 50
A40: Национальная оборона | B40: 02 | I40: =I41 -> 494.2 | J40: =J41 -> 510.5 | K40: =K41 -> 528.8
A41: Мобилизация и вневойсковая подготовка | B41: 02 | C41: 03 | I41: =I42 -> 494.2 | J41: =J42 -> 510.5 | K41: =K42 -> 528.8
A42: Программа повышения эффективности управления государственными финансами в Республике Мордовия | B42: 02 | C42: 03 | D42: 17 | E42: 0 | I42: =I43 -> 494.2 | J42: =J43 -> 510.5 | K42: =K43 -> 528.8
A43: Подпрограмма "Повышения эффективности межбюджетных отношений" | B43: 02 | C43: 03 | D43: 17 | E43: 3 | I43: =I44 -> 494.2 | J43: =J44 -> 510.5 | K43: =K44 -> 528.8
A44: Основное мероприятие: "Обеспечение осуществления органами местного самоуправления отдельных государственных полномочий" | B44: 02 | C44: 03 | D44: 17 | E44: 3 | F44: 02 | I44: =I45 -> 494.2 | J44: =J45 -> 510.5 | K44: =K45 -> 528.8
A45: Осуществление первичного воинского учета на территориях где отсутствуют военные комиссариаты | B45: 02 | C45: 03 | D45: 17 | E45: 3 | F45: 02 | G45: 51180 | I45: =I46 -> 494.2 | J45: =J46 -> 510.5 | K45: =K46 -> 528.8
A46: Закупка товаров, работ и услуг для обеспечения государственных (муниципальных) нужд | B46: 02 | C46: 03 | D46: 17 | E46: 3 | F46: 02 | G46: 51180 | H46: 200 | I46: =I47 -> 494.2 | J46: =J47 -> 510.5 | K46: =K47 -> 528.8
A47: Иные закупки товаров, работ и услуг для обеспечения государственных (муниципальных) нужд | B47: 02 | C47: 03 | D47: 17 | E47: 3 | F47: 02 | G47: 51180 | H47: 240 | I47: ='Приложение 3'!J48 -> 494.2 | J47: ='Приложение 3'!K48 -> 510.5 | K47: ='Приложение 3'!L48 -> 528.8
A48: Национальная экономика | B48: 04 | I48: =I49 -> 3544.8 | J48: =J49 -> 3371.5 | K48: =K49 -> 3943.6
A49: Дорожное хозяйство (дорожные фонды) | B49: 04 | C49: 09 | I49: =I55+I50 -> 3544.8 | J49: =J55 -> 3371.5 | K49: =K55 -> 3943.6
A50: ='Приложение 3'!A51 -> Муниципальная целевая программа «Жилище»на 2020-2025 годы Ромодановского муниципального района | B50: 04 | C50: 09 | D50: 04 | E50: 0 | I50: =I51 -> 600
A51: Региональный проект "Жилье" | B51: 04 | C51: 04 | D51: 04 | E51: 0 | F51: F1 | I51: =I52 -> 600
A52: ='Приложение 3'!A53 -> осуществление полномочий по дорожной деятельности в отношении автомобильных дорог местного значения в границах населенных пунктов поселения и обеспечению безопасности дорожного движения на них, включая создание и обеспечение функционирования парковок (парковочных мест), осуществлению муниципального контроля за сохранностью автомобильных дорог местного значения в границах населенных пунктов поселения, организации дорожного движения, а также осуществлению иных полномочий в области использования автомобильных дорог и осуществления дорожной деятельности в соответствии с законодательством Российской Федерации | B52: 04 | C52: 09 | D52: 04 | E52: 0 | F52: F1 | G52: 44102 | I52: =I53 -> 600
A53: ='Приложение 3'!A54 -> Капитальные вложения в объекты государственной (муниципальной) собственности | B53: 04 | C53: 09 | D53: 04 | E53: 0 | F53: F1 | G53: 44102 | H53: 400 | I53: =I54 -> 600
A54: ='Приложение 3'!A55 -> Бюджетные инвестиции | B54: 04 | C54: 09 | D54: 04 | E54: 0 | F54: F1 | G54: 44102 | H54: 410 | I54: ='Приложение 3'!J55 -> 600
A55: Программа «Комплексное развитие транспортной инфраструктуры Ромодановского сельского поселения Ромодановского муниципального района Республики Мордовия на 2019- 2027 года" | B55: 04 | C55: 09 | D55: 10 | E55: 0 | I55: =I57 -> 2944.8 | J55: =J57 -> 3371.5 | K55: =K57 -> 3943.6
A56: ='Приложение 3'!A57 -> Подпрограмма «Комплексное развитие транспортной инфраструктуры Ромодановского сельского поселения Ромодановского муниципального района Республики Мордовия на 2019- 2027 года" | B56: 04 | C56: 09 | D56: 10 | E56: 1 | I56: =I57 -> 2944.8 | J56: =J57 -> 3371.5 | K56: =K57 -> 3943.6
A57: Основное мероприятие "Ремонт и содержание дорог в границах поселения, поддержание дорожного полотна в работоспособном состоянии" | B57: 04 | C57: 09 | D57: 10 | E57: 1 | F57: 02 | I57: =I58 -> 2944.8 | J57: =J58 -> 3371.5 | K57: =K58 -> 3943.6
A58: осуществление полномочий по дорожной деятельности в отношении автомобильных дорог местного значения в границах населенных пунктов поселения и обеспечению безопасности дорожного движения на них, включая создание и обеспечение функционирования парковок (парковочных мест), осуществлению муниципального контроля за сохранностью автомобильных дорог местного значения в границах населенных пунктов поселения, организации дорожного движения, а также осуществлению иных полномочий в области использования автомобильных дорог и осуществления дорожной деятельности в соответствии с законодательством Российской Федерации | B58: 04 | C58: 09 | D58: 10 | E58: 1 | F58: 02 | G58: 44102 | I58: =I59 -> 2944.8 | J58: =J59 -> 3371.5 | K58: =K59 -> 3943.6
A59: Закупка товаров, работ и услуг для обеспечения государственных (муниципальных) нужд | B59: 04 | C59: 09 | D59: 10 | E59: 1 | F59: 02 | G59: 44102 | H59: 200 | I59: =I60 -> 2944.8 | J59: =J60 -> 3371.5 | K59: =K60 -> 3943.6
A60: Иные закупки товаров, работ и услуг для обеспечения государственных (муниципальных) нужд | B60: 04 | C60: 09 | D60: 10 | E60: 1 | F60: 02 | G60: 44102 | H60: 240 | I60: ='Приложение 3'!J61 -> 2944.8 | J60: ='Приложение 3'!K61 -> 3371.5 | K60: ='Приложение 3'!L61 -> 3943.6
A61: Жилищно-коммунальное хозяйство | B61: 05 | I61: =I62+I77 -> 31053.5 | J61: =J62+J77 -> 8360 | K61: =K62+K77 -> 7300
A62: Благоустройство | B62: 05 | C62: 03 | I62: =I63+I72 -> 14525.5 | J62: =J63+J72 -> 7300 | K62: =K63+K72 -> 7300
A63: Программа "Комплексное развитие коммунальной инфраструктуры Ромодановского сельского поселения Ромодановского муниципального района Республики Мордовия на 2017-2027 года" | B63: 05 | C63: 03 | D63: 10 | E63: 0 | I63: =I65 -> 7346 | J63: =J65 -> 7300 | K63: =K65 -> 7300
A64: ='Приложение 3'!A65 -> Подпрограмма "Комплексное развитие коммунальной инфраструктуры Ромодановского сельского поселения Ромодановского муниципального района Республики Мордовия на 2017-2027 года" | B64: 05 | C64: 03 | D64: 10 | E64: 1 | I64: =I65 -> 7346 | J64: =J65 -> 7300 | K64: =K65 -> 7300
A65: Основное мероприятие "Благоустройство территории" | B65: 05 | C65: 03 | D65: 10 | E65: 1 | F65: 07 | I65: =I66+I69 -> 7346 | J65: =J66+J69 -> 7300 | K65: =K66+K69 -> 7300
A66: Уличное освещение | B66: 05 | C66: 03 | D66: 10 | E66: 1 | F66: 07 | G66: 43010 | I66: =I67 -> 2300 | J66: =J67 -> 2300 | K66: =K67 -> 2300
A67: Закупка товаров, работ и услуг для обеспечения государственных (муниципальных) нужд | B67: 05 | C67: 03 | D67: 10 | E67: 1 | F67: 07 | G67: 43010 | H67: 200 | I67: =I68 -> 2300 | J67: =J68 -> 2300 | K67: =K68 -> 2300
A68: Иные закупки товаров, работ и услуг для обеспечения государственных (муниципальных) нужд | B68: 05 | C68: 03 | D68: 10 | E68: 1 | F68: 07 | G68: 43010 | H68: 240 | I68: ='Приложение 3'!J69 -> 2300 | J68: ='Приложение 3'!K69 -> 2300 | K68: ='Приложение 3'!L69 -> 2300
A69: Прочие мероприятия по благоустройству | B69: 05 | C69: 03 | D69: 10 | E69: 1 | F69: 07 | G69: 43040 | I69: =I70 -> 5046 | J69: =J70 -> 5000 | K69: =K70 -> 5000
A70: Закупка товаров, работ и услуг для обеспечения государственных (муниципальных) нужд | B70: 05 | C70: 03 | D70: 10 | E70: 1 | F70: 07 | G70: 43040 | H70: 200 | I70: =I71 -> 5046 | J70: =J71 -> 5000 | K70: =K71 -> 5000
A71: Иные закупки товаров, работ и услуг для обеспечения государственных (муниципальных) нужд | B71: 05 | C71: 03 | D71: 10 | E71: 1 | F71: 07 | G71: 43040 | H71: 240 | I71: ='Приложение 3'!J72 -> 5046 | J71: ='Приложение 3'!K72 -> 5000 | K71: ='Приложение 3'!L72 -> 5000
A72: Муниципальная программа "Формирование современной городкой среды на территории Ромодановского сельского поселения на 2018-2024 года" | B72: 05 | C72: 03 | D72: 28 | E72: 0 | I72: =I73 -> 7179.5 | J72: =J73 -> 0 | K72: =K73 -> 0
A73: Основное мероприятие «Благоустройство дворовых территорий многоквартирных домов" | B73: 05 | C73: 03 | D73: 28 | E73: 0 | F73: F2 | I73: =I74 -> 7179.5 | J73: =J74 -> 0 | K73: =K74 -> 0
A74: Благоустройство дворовых территорий | B74: 05 | C74: 03 | D74: 28 | E74: 0 | F74: F2 | G74: 55552 | I74: =I75 -> 7179.5 | J74: =J75 -> 0 | K74: =K75 -> 0
A75: Закупка товаров, работ и услуг для обеспечения государственных (муниципальных) нужд | B75: 05 | C75: 03 | D75: 22 | E75: 2 | F75: 02 | G75: L5763 | H75: 200 | I75: =I76 -> 7179.5 | J75: =J76 -> 0 | K75: =K76 -> 0
A76: Иные закупки товаров, работ и услуг для обеспечения государственных (муниципальных) нужд | B76: 05 | C76: 03 | D76: 22 | E76: 2 | F76: 02 | G76: L5763 | H76: 240 | I76: ='Приложение 3'!J77 -> 7179.5 | J76: ='Приложение 3'!K77 -> 0 | K76: ='Приложение 3'!L77 -> 0
A77: Другие вопросы в области жилищно-коммунального хозяйства | B77: 05 | C77: 05 | I77: =I78 -> 16528 | J77: =J78 -> 1060 | K77: =K78 -> 0
A78: Муниципальная программа Ромодановского сельского поселения «Комплексное развитие сельских территорий на 2020-2025 годы» | B78: 05 | C78: 05 | D78: 22 | E78: 0 | I78: =I79 -> 16528 | J78: =J79 -> 1060 | K78: =K79 -> 0
A79: Подпрограмма «Создание и развитие инфраструктуры на сельских территориях» | B79: 05 | C79: 05 | D79: 22 | E79: 2 | I79: =I80 -> 16528 | J79: =J80 -> 1060 | K79: =K80 -> 0
A80: Основное мероприятие «Развитие инженерной инфраструктуры на сельских территориях» | B80: 05 | C80: 05 | D80: 22 | E80: 2 | F80: 05 | I80: =I81 -> 16528 | J80: =J81 -> 1060 | K80: =K81 -> 0
A81: Обустройство объектами инженерной инфраструктуры и благоустройство площадок, расположенных на сельских территориях, под компактную жилищную застройку | B81: 05 | C81: 05 | D81: 22 | E81: 2 | F81: 05 | G81: L5763 | I81: =I82 -> 16528 | J81: =J82 -> 1060 | K81: =K82 -> 0
A82: Капитальные вложения в объекты государственной (муниципальной) собственности | B82: 05 | C82: 05 | D82: 22 | E82: 2 | F82: 05 | G82: L5763 | H82: 400 | I82: =I83 -> 16528 | J82: =J83 -> 1060 | K82: =K83 -> 0
A83: Бюджетные инвестиции | B83: 05 | C83: 05 | D83: 22 | E83: 2 | F83: 05 | G83: L5763 | H83: 410 | I83: ='Приложение 3'!J84 -> 16528 | J83: ='Приложение 3'!K84 -> 1060 | K83: ='Приложение 3'!L84 -> 0
A84: Социальная политика | B84: 10 | I84: =I85 -> 173.9 | J84: =J85 -> 173.9 | K84: =K85 -> 173.9
A85: Пенсионное обеспечение | B85: 10 | C85: 01 | I85: =I86 -> 173.9 | J85: =J86 -> 173.9 | K85: =K86 -> 173.9
A86: Непрограммные расходы главных распорядителей бюджетных средств Ромодановского сельского поселения Ромодановского муниципального района Республики Мордовия | B86: 10 | C86: 01 | D86: 89 | E86: 0 | I86: =I87 -> 173.9 | J86: =J87 -> 173.9 | K86: =K87 -> 173.9
A87: Непрограммные расходы в рамках обеспечения деятельности главных распорядителей бюджетных средств Ромодановского сельского поселения Ромодановского муниципального района Республики Мордовия | B87: 10 | C87: 01 | D87: 89 | E87: 1 | I87: =I88 -> 173.9 | J87: =J88 -> 173.9 | K87: =K88 -> 173.9
A88: Доплаты к пенсиям муниципальных служащих Республики Мордовия | B88: 10 | C88: 01 | D88: 89 | E88: 1 | F88: 00 | G88: 03010 | I88: =I89 -> 173.9 | J88: =J89 -> 173.9 | K88: =K89 -> 173.9
A89: Социальное обеспечение и иные выплаты населению | B89: 10 | C89: 01 | D89: 89 | E89: 1 | F89: 00 | G89: 03010 | H89: 300 | I89: =I90 -> 173.9 | J89: =J90 -> 173.9 | K89: =K90 -> 173.9
A90: Публичные нормативные социальные выплаты гражданам | B90: 10 | C90: 01 | D90: 89 | E90: 1 | F90: 00 | G90: 03010 | H90: 310 | I90: ='Приложение 3'!J91 -> 173.9 | J90: ='Приложение 3'!K91 -> 173.9 | K90: ='Приложение 3'!L91 -> 173.9
A91: ='Приложение 3'!A92 -> Условно утвержденные расходы | B91: 99 | J91: ='Приложение 3'!K92 -> 411.5 | K91: ='Приложение 3'!L92 -> 812.6
A92: ='Приложение 3'!A93 -> Условно утвержденные расходы | B92: 99 | C92: 99 | J92: ='Приложение 3'!K93 -> 411.5 | K92: ='Приложение 3'!L93 -> 812.6
A93: ='Приложение 3'!A94 -> Обеспечение деятельности аппарата Администрации | B93: 99 | C93: 99 | D93: 65 | E93: 0 | J93: ='Приложение 3'!K94 -> 411.5 | K93: ='Приложение 3'!L94 -> 812.6
A94: ='Приложение 3'!A95 -> Высшее должностное лицо | B94: 99 | C94: 99 | D94: 65 | E94: 1 | J94: ='Приложение 3'!K95 -> 411.5 | K94: ='Приложение 3'!L95 -> 812.6
A95: ='Приложение 3'!A96 -> Расходы,связаннын с муниципальном управлением | B95: 99 | C95: 99 | D95: 65 | E95: 1 | F95: 00 | G95: 41000 | J95: ='Приложение 3'!K96 -> 411.5 | K95: ='Приложение 3'!L96 -> 812.6
A96: ='Приложение 3'!A97 -> Условно утвержденные расходы | B96: 99 | C96: 99 | D96: 65 | E96: 1 | F96: 00 | G96: 41990 | J96: ='Приложение 3'!K97 -> 411.5 | K96: ='Приложение 3'!L97 -> 812.6
A97: ='Приложение 3'!A98 -> Иные бюджетные ассигнования | B97: 99 | C97: 99 | D97: 65 | E97: 1 | F97: 00 | G97: 41990 | H97: 800 | J97: ='Приложение 3'!K98 -> 411.5 | K97: ='Приложение 3'!L98 -> 812.6
A98: ='Приложение 3'!A99 -> Резервные средства | B98: 99 | C98: 99 | D98: 65 | E98: 1 | F98: 00 | G98: 41990 | H98: 870 | J98: ='Приложение 3'!K99 -> 411.5 | K98: ='Приложение 3'!L99 -> 812.6

Sheet Приложение 5
I1: Приложение 5 к решению Совета депутатов Ромодановского сельского поселения Ромодановского муниципального района Республики Мордовия «О бюджете Ромодановского сельского поселения Ромодановского муниципального района Республики Мордовия на 2022 год и на плановый период 2023 и 2024 годов»
A2: РАСПРЕДЕЛЕНИЕ БЮДЖЕТНЫХ АССИГНОВАНИЙ БЮДЖЕТА РОМОДАНОВСКОГО СЕЛЬСКОГО ПОСЕЛЕНИЯ РОМОДАНОВСКОГО МУНИЦИПАЛЬНОГО РАЙОНА РЕСПУБЛИКИ МОРДОВИЯ ПО ЦЕЛЕВЫМ СТАТЬЯМ (МУНИЦИПАЛЬНЫМ ПРОГРАММАМ И НЕПРОГРАММНЫМ НАПРАВЛЕНИЯМ ДЕЯТЕЛЬНОСТИ), ГРУППАМ И ПОДГРУППАМ ВИДОВ РАСХОДОВ, РАЗДЕЛАМ И ПОДРАЗДЕЛАМ КЛАССИФИКАЦИИ РАСХОДОВ БЮДЖЕТОВ НА 2022 ГОД И НА ПЛАНОВЫЙ ПЕРИОД 2023 И 2024 ГОДОВ
I3: (тыс. рублей)
A4: Наименование | B4: Цср | F4: ВР | G4: Рз | H4: Прз | I4: Адм | J4: Сумма
J5: 2022 год | K5: 2023 год | L5: 2024 год
A6: 1 | B6: 2 | C6: 3 | D6: 4 | E6: 5 | F6: 6 | G6: 7 | H6: 8 | I6: 9 | J6: 10 | K6: 11 | L6: 12
A7: ВСЕГО | J7: =J16+J55+J69+J78+J91+J159+J32+J194+J188+J8 -> 39648.2 | K7: =K16+K55+K69+K78+K91+K159+K32+K104+K183+K189 -> 16972 | L7: =L16+L55+L69+L78+L91+L159+L32+L104+L183+L189 -> 16782.5
A8: ='Приложение 3'!A51 -> Муниципальная целевая программа «Жилище»на 2020-2025 годы Ромодановского муниципального района | B8: ='Приложение 3'!E51 -> 04 | C8: ='Приложение 3'!F51 -> 0 | J8: =J9 -> 600
A9: Региональный проект "Жилье" | B9: 04 | C9: 0 | D9: F1 | J9: =J10 -> 600
A10: ='Приложение 3'!A53 -> осуществление полномочий по дорожной деятельности в отношении автомобильных дорог местного значения в границах населенных пунктов поселения и обеспечению безопасности дорожного движения на них, включая создание и обеспечение функционирования парковок (парковочных мест), осуществлению муниципального контроля за сохранностью автомобильных дорог местного значения в границах населенных пунктов поселения, организации дорожного движения, а также осуществлению иных полномочий в области использования автомобильных дорог и осуществления дорожной деятельности в соответствии с законодательством Российской Федерации | B10: =B8 -> 04 | C10: =C8 -> 0 | D10: F1 | E10: 44102 | J10: =J11 -> 600
A11: ='Приложение 3'!A54 -> Капитальные вложения в объекты государственной (муниципальной) собственности | B11: =B10 -> 04 | C11: =C10 -> 0 | D11: =D10 -> F1 | E11: =E10 -> 44102 | F11: 400 | J11: =J12 -> 600
A12: ='Приложение 3'!A55 -> Бюджетные инвестиции | B12: =B11 -> 04 | C12: =C11 -> 0 | D12: =D11 -> F1 | E12: =E11 -> 44102 | F12: 410 | J12: =J13 -> 600
A13: ='Приложение 3'!A49 -> Национальная экономика | B13: 04 | C13: 0 | D13: =D12 -> F1 | E13: =E12 -> 44102 | F13: =F12 -> 410 | G13: ='Приложение 3'!C50 -> 04 | J13: =J14 -> 600
A14: ='Приложение 3'!A50 -> Дорожное хозяйство (дорожные фонды) | B14: 04 | C14: 0 | D14: F1 | E14: 44102 | F14: 410 | G14: =G13 -> 04 | H14: ='Приложение 3'!D50 -> 09 | J14: =J15 -> 600
A15: =A29 -> Администрация Ромодановского сельского поселения Ромодановского муниципального района Республики Мордовия | B15: 04 | C15: 0 | D15: F1 | E15: 44102 | F15: 410 | G15: =G14 -> 04 | H15: =H14 -> 09 | I15: 926 | J15: ='Приложение 3'!J55 -> 600
A16: ='Приложение 3'!A56 -> Программа «Комплексное развитие транспортной инфраструктуры Ромодановского сельского поселения Ромодановского муниципального района Республики Мордовия на 2019- 2027 года" | B16: 10 | C16: 0 | J16: =J18 -> 2944.8 | K16: =K18 -> 3371.5 | L16: =L18 -> 3943.6
A17: ='Приложение 3'!A57 -> Подпрограмма «Комплексное развитие транспортной инфраструктуры Ромодановского сельского поселения Ромодановского муниципального района Республики Мордовия на 2019- 2027 года" | B17: 10 | C17: 1 | J17: =J18 -> 2944.8 | K17: =K18 -> 3371.5 | L17: =L18 -> 3943.6
A18: Основное мероприятие "Ремонт и содержание дорог в границах поселения, поддержание дорожного полотна в работоспособном состоянии" | B18: 10 | C18: 1 | D18: 02 | J18: =J19 -> 2944.8 | K18: =K19 -> 3371.5 | L18: =L19 -> 3943.6
A19: осуществление полномочий по дорожной деятельности в отношении автомобильных дорог местного значения в границах населенных пунктов поселения и обеспечению безопасности дорожного движения на них, включая создание и обеспечение функционирования парковок (парковочных мест), осуществлению муниципального контроля за сохранностью автомобильных дорог местного значения в границах населенных пунктов поселения, организации дорожного движения, а также осуществлению иных полномочий в области использования автомобильных дорог и осуществления дорожной деятельности в соответствии с законодательством Российской Федерации | B19: 10 | C19: 1 | D19: 02 | E19: 44102 | J19: =J20 -> 2944.8 | K19: =K20 -> 3371.5 | L19: =L20 -> 3943.6
A20: Закупка товаров, работ и услуг для обеспечения государственных (муниципальных) нужд | B20: 10 | C20: 1 | D20: 02 | E20: 44102 | F20: 200 | J20: =J21 -> 2944.8 | K20: =K21 -> 3371.5 | L20: =L21 -> 3943.6
A21: Иные закупки товаров, работ и услуг для обеспечения государственных (муниципальных) нужд | B21: 10 | C21: 1 | D21: 02 | E21: 44102 | F21: 240 | J21: =J22 -> 2944.8 | K21: =K22 -> 3371.5 | L21: =L22 -> 3943.6
A22: Национальная экономика | B22: 10 | C22: 1 | D22: 02 | E22: 44102 | F22: 240 | G22: 04 | J22: =J23 -> 2944.8 | K22: =K23 -> 3371.5 | L22: =L23 -> 3943.6
A23: Дорожное хозяйство | B23: 10 | C23: 1 | D23: 02 | E23: 44102 | F23: 240 | G23: 04 | H23: 09 | J23: =J24 -> 2944.8 | K23: =K24 -> 3371.5 | L23: =L24 -> 3943.6
A24: Администрация Ромодановского сельского поселения | B24: 10 | C24: 1 | D24: 02 | E24: 44102 | F24: 240 | G24: 04 | H24: 09 | I24: 926 | J24: ='Приложение 3'!J61 -> 2944.8 | K24: ='Приложение 3'!K61 -> 3371.5 | L24: ='Приложение 3'!L61 -> 3943.6
A25: ='Приложение 3'!A60 -> Закупка товаров, работ и услуг для обеспечения государственных (муниципальных) нужд | B25: 10 | C25: 1 | D25: 02 | E25: 44102 | F25: 200 | J25: =J26 -> 2944.8 | K25: =K26 -> 3371.5 | L25: =L26 -> 3943.6
A26: ='Приложение 3'!A69 -> Иные закупки товаров, работ и услуг для обеспечения государственных (муниципальных) нужд | B26: 10 | C26: 1 | D26: 02 | E26: 44102 | F26: 240 | J26: =J27 -> 2944.8 | K26: =K27 -> 3371.5 | L26: =L27 -> 3943.6
A27: ='Приложение 3'!A49 -> Национальная экономика | B27: 10 | C27: 1 | D27: 02 | E27: 44102 | F27: 240 | G27: 04 | J27: =J28 -> 2944.8 | K27: =K28 -> 3371.5 | L27: =L28 -> 3943.6
A28: ='Приложение 3'!A50 -> Дорожное хозяйство (дорожные фонды) | B28: 10 | C28: 1 | D28: 02 | E28: 44102 | F28: 240 | G28: 04 | H28: 09 | J28: =J29 -> 2944.8 | K28: =K29 -> 3371.5 | L28: =L29 -> 3943.6
A29: ='Приложение 3'!A8 -> Администрация Ромодановского сельского поселения Ромодановского муниципального района Республики Мордовия | B29: 10 | C29: 1 | D29: 02 | E29: 44102 | F29: 240 | G29: 04 | H29: 09 | I29: 926 | J29: ='Приложение 3'!J61 -> 2944.8 | K29: ='Приложение 3'!K61 -> 3371.5 | L29: ='Приложение 3'!L61 -> 3943.6
A30: Программа "Комплексное развитие коммунальной инфраструктуры Ромодановского сельского поселения Ромодановского муниципального района Республики Мордовия на 2017-2027 года" | B30: 10 | C30: 0 | J30: =J32 -> 7346 | K30: =K32 -> 7300 | L30: =L32 -> 7300
A31: ='Приложение 3'!A65 -> Подпрограмма "Комплексное развитие коммунальной инфраструктуры Ромодановского сельского поселения Ромодановского муниципального района Республики Мордовия на 2017-2027 года" | B31: 10 | C31: 1 | J31: =J32 -> 7346 | K31: =K32 -> 7300 | L31: =L32 -> 7300
A32: Основное мероприятие "Благоустройство территории" | B32: 10 | C32: 1 | D32: 07 | J32: =J33+J44 -> 7346 | K32: =K33+K44 -> 7300 | L32: =L33+L44 -> 7300
A33: Уличное освещение | B33: 10 | C33: 1 | D33: 07 | E33: 43010 | J33: =J39 -> 2300 | K33: =K39 -> 2300 | L33: =L39 -> 2300
A34: Закупка товаров, работ и услуг для обеспечения государственных (муниципальных) нужд | B34: 10 | C34: 1 | D34: 07 | E34: 43010 | F34: 200 | J34: =J35 -> 2300 | K34: =K35 -> 2300 | L34: =L35 -> 2300
A35: Иные закупки товаров, работ и услуг для обеспечения государственных (муниципальных) нужд | B35: 10 | C35: 1 | D35: 07 | E35: 43010 | F35: 240 | J35: =J36 -> 2300 | K35: =K36 -> 2300 | L35: =L36 -> 2300
A36: Жилищно-коммунальное хозяйство | B36: 10 | C36: 1 | D36: 07 | E36: 43010 | F36: 240 | G36: 05 | J36: =J37 -> 2300 | K36: =K37 -> 2300 | L36: =L37 -> 2300
A37: Благоустройство | B37: 10 | C37: 1 | D37: 07 | E37: 43010 | F37: 240 | G37: 05 | H37: 03 | J37: =J38 -> 2300 | K37: =K38 -> 2300 | L37: =L38 -> 2300
A38: Администрация Ромодановского сельского поселения | B38: 10 | C38: 1 | D38: 07 | E38: 43010 | F38: 240 | G38: 05 | H38: 03 | I38: 926 | J38: ='Приложение 3'!J69 -> 2300 | K38: ='Приложение 3'!K69 -> 2300 | L38: ='Приложение 3'!L69 -> 2300
A39: ='Приложение 3'!A68 -> Закупка товаров, работ и услуг для обеспечения государственных (муниципальных) нужд | B39: 10 | C39: 1 | D39: 07 | E39: 43010 | F39: 200 | J39: =J40 -> 2300 | K39: =K40 -> 2300 | L39: =L40 -> 2300
A40: ='Приложение 3'!A69 -> Иные закупки товаров, работ и услуг для обеспечения государственных (муниципальных) нужд | B40: 10 | C40: 1 | D40: 07 | E40: 43010 | F40: 240 | J40: =J41 -> 2300 | K40: =K41 -> 2300 | L40: =L41 -> 2300
A41: ='Приложение 3'!A62 -> Жилищно-коммунальное хозяйство | B41: 10 | C41: 1 | D41: 07 | E41: 43010 | F41: 240 | G41: 05 | J41: =J42 -> 2300 | K41: =K42 -> 2300 | L41: =L42 -> 2300
A42: ='Приложение 3'!A63 -> Благоустройство | B42: 10 | C42: 1 | D42: 07 | E42: 43010 | F42: 240 | G42: 05 | H42: 03 | J42: =J43 -> 2300 | K42: =K43 -> 2300 | L42: =L43 -> 2300
A43: =A29 -> Администрация Ромодановского сельского поселения Ромодановского муниципального района Республики Мордовия | B43: 10 | C43: 1 | D43: 07 | E43: 43010 | F43: 240 | G43: 05 | H43: 03 | I43: 926 | J43: ='Приложение 3'!J69 -> 2300 | K43: ='Приложение 3'!K69 -> 2300 | L43: ='Приложение 3'!L69 -> 2300
A44: Прочие мероприятия по благоустройству | B44: 10 | C44: 1 | D44: 07 | E44: 43040 | J44: =J50 -> 5046 | K44: =K50 -> 5000 | L44: =L50 -> 5000
A45: Закупка товаров, работ и услуг для обеспечения государственных (муниципальных) нужд | B45: 10 | C45: 1 | D45: 07 | E45: 43040 | F45: 200 | J45: =J46 -> 5046 | K45: =K46 -> 5000 | L45: =L46 -> 5000
A46: Иные закупки товаров, работ и услуг для обеспечения государственных (муниципальных) нужд | B46: 10 | C46: 1 | D46: 07 | E46: 43040 | F46: 240 | J46: =J47 -> 5046 | K46: =K47 -> 5000 | L46: =L47 -> 5000
A47: Жилищно-коммунальное хозяйство | B47: 10 | C47: 1 | D47: 07 | E47: 43040 | F47: 240 | G47: 05 | J47: =J48 -> 5046 | K47: =K48 -> 5000 | L47: =L48 -> 5000
A48: Благоустройство | B48: 10 | C48: 1 | D48: 07 | E48: 43040 | F48: 240 | G48: 05 | H48: 03 | J48: =J49 -> 5046 | K48: =K49 -> 5000 | L48: =L49 -> 5000
A49: Администрация Ромодановского сельского поселения | B49: 10 | C49: 1 | D49: 07 | E49: 43040 | F49: 240 | G49: 05 | H49: 03 | I49: 926 | J49: ='Приложение 3'!J72 -> 5046 | K49: ='Приложение 3'!K72 -> 5000 | L49: ='Приложение 3'!L72 -> 5000
A50: ='Приложение 3'!A71 -> Закупка товаров, работ и услуг для обеспечения государственных (муниципальных) нужд | B50: 10 | C50: 1 | D50: 07 | E50: 43040 | F50: 200 | J50: =J51 -> 5046 | K50: =K51 -> 5000 | L50: =L51 -> 5000
A51: ='Приложение 3'!A72 -> Иные закупки товаров, работ и услуг для обеспечения государственных (муниципальных) нужд | B51: 10 | C51: 1 | D51: 07 | E51: 43040 | F51: 240 | J51: =J52 -> 5046 | K51: =K52 -> 5000 | L51: =L52 -> 5000
A52: ='Приложение 3'!A62 -> Жилищно-коммунальное хозяйство | B52: 10 | C52: 1 | D52: 07 | E52: 43040 | F52: 240 | G52: 05 | J52: =J53 -> 5046 | K52: =K53 -> 5000 | L52: =L53 -> 5000
A53: ='Приложение 3'!A63 -> Благоустройство | B53: 10 | C53: 1 | D53: 07 | E53: 43040 | F53: 240 | G53: 05 | H53: 03 | J53: =J54 -> 5046 | K53: =K54 -> 5000 | L53: =L54 -> 5000
A54: =A43 -> Администрация Ромодановского сельского поселения Ромодановского муниципального района Республики Мордовия | B54: 10 | C54: 1 | D54: 07 | E54: 43040 | F54: 240 | G54: 05 | H54: 03 | I54: 926 | J54: ='Приложение 3'!J72 -> 5046 | K54: ='Приложение 3'!K72 -> 5000 | L54: ='Приложение 3'!L72 -> 5000
A55: Программа повышения эффективности управления государственными финансами в Республике Мордовия | B55: 17 | C55: 0 | J55: =J56 -> 494.2 | K55: =K56 -> 510.5 | L55: =L56 -> 528.8
A56: Подпрограмма "Повышения эффективности межбюджетных отношений" | B56: 17 | C56: 3 | J56: =J57 -> 494.2 | K56: =K57 -> 510.5 | L56: =L57 -> 528.8
A57: Основное мероприятие: "Обеспечение осуществления органами местного самоуправления отдельных государственных полномочий" | B57: 17 | C57: 3 | D57: 02 | J57: =J58 -> 494.2 | K57: =K58 -> 510.5 | L57: =L58 -> 528.8
A58: Осуществление первичного воинского учета на территориях где отсутствуют военные комиссариаты | B58: 17 | C58: 3 | D58: 02 | E58: 51180 | J58: =J59 -> 494.2 | K58: =K59 -> 510.5 | L58: =L59 -> 528.8
A59: Закупка товаров, работ и услуг для обеспечения государственных (муниципальных) нужд | B59: 17 | C59: 3 | D59: 02 | E59: 51180 | F59: 200 | J59: =J60 -> 494.2 | K59: =K60 -> 510.5 | L59: =L60 -> 528.8
A60: Иные закупки товаров, работ и услуг для обеспечения государственных (муниципальных) нужд | B60: 17 | C60: 3 | D60: 02 | E60: 51180 | F60: 240 | J60: =J61 -> 494.2 | K60: =K61 -> 510.5 | L60: =L61 -> 528.8
A61: Национальная оборона | B61: 17 | C61: 3 | D61: 02 | E61: 51180 | F61: 240 | G61: 02 | J61: =J62 -> 494.2 | K61: =K62 -> 510.5 | L61: =L62 -> 528.8
A62: Мобилизация и вневойсковая подготовка | B62: 17 | C62: 3 | D62: 02 | E62: 51180 | F62: 240 | G62: 02 | H62: 03 | J62: =J63 -> 494.2 | K62: =K63 -> 510.5 | L62: =L63 -> 528.8
A63: Администрация Ромодановского сельского поселения | B63: 17 | C63: 3 | D63: 02 | E63: 51180 | F63: 240 | G63: 02 | H63: 03 | I63: 926 | J63: ='Приложение 3'!J48 -> 494.2 | K63: ='Приложение 3'!K48 -> 510.5 | L63: ='Приложение 3'!L48 -> 528.8
A64: ='Приложение 3'!A47 -> Закупка товаров, работ и услуг для обеспечения государственных (муниципальных) нужд | B64: 17 | C64: 03 | D64: 02 | E64: 51180 | F64: 200 | J64: =J65 -> 494.2 | K64: =K65 -> 510.5 | L64: =L65 -> 528.8
A65: ='Приложение 3'!A48 -> Иные закупки товаров, работ и услуг для обеспечения государственных (муниципальных) нужд | B65: 17 | C65: 03 | D65: 02 | E65: 51180 | F65: 240 | J65: =J66 -> 494.2 | K65: =K66 -> 510.5 | L65: =L66 -> 528.8
A66: ='Приложение 3'!A41 -> Национальная оборона | B66: 17 | C66: 03 | D66: 02 | E66: 51180 | F66: 240 | G66: 02 | J66: =J67 -> 494.2 | K66: =K67 -> 510.5 | L66: =L67 -> 528.8
A67: ='Приложение 3'!A42 -> Мобилизация и вневойсковая подготовка | B67: 17 | C67: 03 | D67: 02 | E67: 51180 | F67: 240 | G67: 02 | H67: 03 | J67: =J68 -> 494.2 | K67: =K68 -> 510.5 | L67: =L68 -> 528.8
A68: =A54 -> Администрация Ромодановского сельского поселения Ромодановского муниципального района Республики Мордовия | B68: 17 | C68: 03 | D68: 02 | E68: 51180 | F68: 240 | G68: 02 | H68: 03 | I68: 926 | J68: ='Приложение 3'!J48 -> 494.2 | K68: ='Приложение 3'!K48 -> 510.5 | L68: ='Приложение 3'!L48 -> 528.8
A69: Муниципальная программа Ромодановского сельского поселения «Комплексное развитие сельских территори на 2020-2025 годы» | B69: 22 | C69: 0 | J69: =J71 -> 16528 | K69: =K71 -> 1060 | L69: =L71 -> 0
A70: ='Приложение 3'!A80 -> Подпрограмма «Создание и развитие инфраструктуры на сельских территориях» | B70: 22 | C70: 2 | J70: =J71 -> 16528 | K70: =K71 -> 1060 | L70: =L71 -> 0
A71: Основное мероприятие «Развитие инженерной инфраструктуры на сельских территориях» | B71: 22 | C71: 2 | D71: 05 | J71: =J72 -> 16528 | K71: =K72 -> 1060 | L71: =L72 -> 0
A72: Обустройство объектами инженерной инфраструктуры и благоустройство площадок, расположенных на сельских территориях, под компактную жилищную застройку | B72: 22 | C72: 2 | D72: 05 | E72: L5763 | J72: =J73 -> 16528 | K72: =K73 -> 1060 | L72: =L73 -> 0
A73: Капитальные вложения в объекты государственной (муниципальной) собственности | B73: 22 | C73: 2 | D73: 05 | E73: L5763 | F73: 400 | J73: =J74 -> 16528 | K73: =K74 -> 1060 | L73: =L74 -> 0
A74: Бюджетные инвестиции | B74: 22 | C74: 2 | D74: 05 | E74: L5763 | F74: 410 | J74: =J75 -> 16528 | K74: =K75 -> 1060 | L74: =L75 -> 0
A75: Жилищно-коммунальное хозяйство | B75: 22 | C75: 2 | D75: 05 | E75: L5763 | F75: 410 | G75: 05 | J75: =J76 -> 16528 | K75: =K76 -> 1060 | L75: =L76 -> 0
A76: Другие вопросы в области жилищно-коммунального хозяйства | B76: 22 | C76: 2 | D76: 05 | E76: L5763 | F76: 410 | G76: 05 | H76: 05 | J76: =J77 -> 16528 | K76: =K77 -> 1060 | L76: =L77 -> 0
A77: =A68 -> Администрация Ромодановского сельского поселения Ромодановского муниципального района Республики Мордовия | B77: 22 | C77: 2 | D77: 05 | E77: L5763 | F77: 410 | G77: 05 | H77: 05 | I77: 926 | J77: ='Приложение 3'!J84 -> 16528 | K77: ='Приложение 3'!K84 -> 1060 | L77: ='Приложение 3'!L84 -> 0
A78: Муниципальная программа "Формирование современной городкой среды на территории Ромодановского сельского поселения на 2018-2024года" | B78: 28 | C78: 0 | J78: =J79 -> 7179.5 | K78: =K79 -> 0 | L78: =L79 -> 0
A79: Основное мероприятие «Благоустройство дворовых территорий многоквартирных домов" | B79: 28 | C79: 0 | D79: F2 | J79: =J80 -> 7179.5 | K79: =K80 -> 0 | L79: =L80 -> 0
A80: Благоустройство дворовых территорий | B80: 28 | C80: 0 | D80: F2 | E80: 55552 | J80: =J81 -> 7179.5 | K80: =K81 -> 0 | L80: =L81 -> 0
A81: Закупка товаров, работ и услуг для обеспечения государственных (муниципальных) нужд | B81: 28 | C81: 0 | D81: F2 | E81: 55552 | F81: 200 | J81: =J82 -> 7179.5 | K81: =K82 -> 0 | L81: =L82 -> 0
A82: Иные закупки товаров, работ и услуг для обеспечения государственных (муниципальных) нужд | B82: 28 | C82: 0 | D82: F2 | E82: 55552 | F82: 240 | J82: =J83 -> 7179.5 | K82: =K83 -> 0 | L82: =L83 -> 0
A83: Жилищно-коммунальное хозяйство | B83: 28 | C83: 0 | D83: F2 | E83: 55552 | F83: 240 | G83: 05 | J83: =J84 -> 7179.5 | K83: =K84 -> 0 | L83: =L84 -> 0
A84: Другие вопросы в области жилищно-коммунального хозяйства | B84: 28 | C84: 0 | D84: F2 | E84: 55552 | F84: 240 | G84: 05 | H84: 05 | J84: =J85 -> 7179.5 | K84: =K85 -> 0 | L84: =L85 -> 0
A85: Администрация Ромодановского сельского поселения | B85: 28 | C85: 0 | D85: F2 | E85: 55552 | F85: 240 | G85: 05 | H85: 05 | I85: 926 | J85: ='Приложение 3'!J77 -> 7179.5 | K85: ='Приложение 3'!K77 -> 0 | L85: ='Приложение 3'!L77 -> 0
A86: ='Приложение 3'!A76 -> Закупка товаров, работ и услуг для обеспечения государственных (муниципальных) нужд | B86: 28 | C86: 0 | D86: F2 | E86: 55552 | F86: 200 | J86: =J87 -> 7179.5 | K86: =K87 -> 0 | L86: =L87 -> 0
A87: ='Приложение 3'!A77 -> Иные закупки товаров, работ и услуг для обеспечения государственных (муниципальных) нужд | B87: 28 | C87: 0 | D87: F2 | E87: 55552 | F87: 240 | J87: =J88 -> 7179.5 | K87: =K88 -> 0 | L87: =L88 -> 0
A88: ='Приложение 3'!A62 -> Жилищно-коммунальное хозяйство | B88: 28 | C88: 0 | D88: F2 | E88: 55552 | F88: 240 | G88: 05 | J88: =J89 -> 7179.5 | K88: =K89 -> 0 | L88: =L89 -> 0
A89: ='Приложение 3'!A63 -> Благоустройство | B89: 28 | C89: 0 | D89: F2 | E89: 55552 | F89: 240 | G89: 05 | H89: 03 | J89: =J90 -> 7179.5 | K89: =K90 -> 0 | L89: =L90 -> 0
A90: =A77 -> Администрация Ромодановского сельского поселения Ромодановского муниципального района Республики Мордовия | B90: 28 | C90: 0 | D90: F2 | E90: 55552 | F90: 240 | G90: 05 | H90: 03 | I90: 926 | J90: ='Приложение 3'!J77 -> 7179.5 | K90: =K80 -> 0 | L90: =L80 -> 0
A91: Обеспечение деятельности аппарата Администрации | B91: 65 | C91: 0 | J91: =J92+J110+J148+J154 -> 4329.3 | K91: =K92+K110+K148+K154 -> 4092.1 | L91: =L92+L110+L148+L155 -> 3971.1
A92: Высшее должностное лицо | B92: 65 | C92: 1 | J92: =J93 -> 700 | K92: =K93 -> 398.5 | L92: =L93 -> 97.4
A93: Расходы на выплаты по оплате труда высшего должностного лица | B93: 65 | C93: 1 | D93: 00 | E93: 41150 | J93: =J99 -> 700 | K93: =K99 -> 398.5 | L93: =L99 -> 97.4
A94: Расходы на выплаты персоналу в целях обеспечения выполнения функций государственными (муниципальными) органами, казенными учреждениями, органами управления государственными внебюджетными фондами | B94: 65 | C94: 1 | D94: 00 | E94: 41150 | F94: 100 | J94: =J95 -> 700 | K94: =K95 -> 398.5 | L94: =L95 -> 97.4
A95: Расходы на выплаты персоналу государственных (муниципальных) органов | B95: 65 | C95: 1 | D95: 00 | E95: 41150 | F95: 120 | J95: =J96 -> 700 | K95: =K96 -> 398.5 | L95: =L96 -> 97.4
A96: Общегосударственные вопросы | B96: 65 | C96: 1 | D96: 00 | E96: 41150 | F96: 120 | G96: 01 | J96: =J97 -> 700 | K96: =K97 -> 398.5 | L96: =L97 -> 97.4
A97: Функционирование высшего должностного лица субъекта Российской Федерации и муниципального образования | B97: 65 | C97: 1 | D97: 00 | E97: 41150 | F97: 120 | G97: 01 | H97: 02 | J97: =J98 -> 700 | K97: =K98 -> 398.5 | L97: =L98 -> 97.4
A98: Администрация Ромодановского сельского поселения | B98: 65 | C98: 1 | D98: 00 | E98: 41150 | F98: 120 | G98: 01 | H98: 02 | I98: 926 | J98: ='Приложение 3'!J15 -> 700 | K98: ='Приложение 3'!K15 -> 398.5 | L98: ='Приложение 3'!L15 -> 97.4
A99: ='Приложение 3'!A14 -> Расходы на выплаты персоналу в целях обеспечения выполнения функций государственными (муниципальными) органами, казенными учреждениями, органами управления государственными внебюджетными фондами | B99: 65 | C99: 1 | D99: 00 | E99: 41150 | F99: 100 | J99: =J100 -> 700 | K99: =K100 -> 398.5 | L99: =L100 -> 97.4
A100: ='Приложение 3'!A15 -> Расходы на выплаты персоналу государственных (муниципальных) органов | B100: 65 | C100: 1 | D100: 00 | E100: 41150 | F100: 120 | J100: =J101 -> 700 | K100: =K101 -> 398.5 | L100: =L101 -> 97.4
...

Sheet прил 7
C1: Приложение 7
C2: к решению Совета депутатов Ромодановского сельского поселения Ромодановского муниципального района Республики Мордовия "О бюджете Ромодановского сельского поселения Ромодановского муниципального района Республики Мордовия на 2022 год и на плановый период 2023 и 2024 годов"
A3: ИСТОЧНИКИ ВНУТРЕННЕГО ФИНАНСИРОВАНИЯ ДЕФИЦИТА БЮДЖЕТА РОМОДАНОВСКОГО СЕЛЬСКОГО ПОСЕЛЕНИЯ РОМОДАНОВСКОГО МУНИЦИПАЛЬНОГО РАЙОНА РЕСПУБЛИКИ МОРДОВИЯ НА 2022 ГОД И НА ПЛАНОВЫЙ ПЕРИОД 2023 и 2024 ГОДОВ
A7: Код | B7: Наименование кода группы, подгруппы, статьи, вида источника финансирования дефицитов бюджетов, кода классификации операций сектора государственного управления, относящихся к источникам финансирования дефицитов бюджетов Российской Федерации | C7: Сумма (тыс. руб.)
C8: 2022 год | D8: 2023 год | E8: 2024 год
A9: 1 | B9: 2 | C9: 3 | D9: 4 | E9: 5
A10: 000 01 00 00 00 00 0000 000 | B10: ИСТОЧНИКИ ВНУТРЕННЕГО ФИНАНСИРОВАНИЯ ДЕФИЦИТОВ БЮДЖЕТОВ | C10: =C11+C22+C14+C18 -> 0 | D10: =D11+D22+D14+D18 -> 0 | E10: =E11+E22+E14+E18 -> 0
A11: 000 01 02 00 00 00 0000 000 | B11: Кредиты кредитных организаций в валюте Российской Федерации | C11: =SUM(C12) -> 0 | D11: =SUM(D12) -> 0 | E11: =SUM(E12) -> 0
A12: 000 01 02 00 00 00 0000 700 | B12: Привлечение кредитов от кредитных организаций в валюте Российской Федерации | C12: =SUM(C13) -> 0 | D12: =SUM(D13) -> 0 | E12: =SUM(E13) -> 0
A13: 000 01 02 00 00 05 0000 710 | B13: Привлечение кредитов от кредитных организаций бюджетами муниципальных районов в валюте Российской Федерации
A14: 000 01 03 00 00 00 0000 000 | B14: Бюджетные кредиты из других бюджетов бюджетной системы Российской Федерации | C14: =C15 -> -55.3 | D14: =D15 -> -82.9 | E14: =E15 -> -110.6
A15: 000 01 03 01 00 00 0000 000 | B15: Бюджетные кредиты из других бюджетов бюджетной системы Российской Федерации в валюте Российской Федерации | C15: =C16 -> -55.3 | D15: =D16 -> -82.9 | E15: =E16 -> -110.6
A16: 000 01 03 01 00 00 0000 800 | B16: Погашение бюджетных кредитов, полученных из других бюджетов бюджетной системы Российской Федерации в валюте Российской Федерации | C16: =SUM(C17) -> -55.3 | D16: =SUM(D17) -> -82.9 | E16: =SUM(E17) -> -110.6
A17: 000 01 03 01 00 10 0000 810 | B17: Погашение бюджетами сельских поселений кредитов из других бюджетов бюджетной системы Российской Федерации в валюте Российской Федерации | C17: -55.3 | D17: -82.9 | E17: -110.6
A18: 000 01 06 00 00 00 0000 000 | B18: Иные источники внутреннего финансирования дефицитов бюджетов | C18: =C19 -> 0 | D18: =D19 -> 0 | E18: =E19 -> 0
A19: 000 01 06 05 00 00 0000 000 | B19: Бюджетные кредиты, предоставленные внутри страны в валюте Российской Федерации | C19: =C20 -> 0 | D19: =D20 -> 0 | E19: =E20 -> 0
A20: 000 01 06 05 02 00 0000 600 | B20: Возврат бюджетных кредитов, предоставленных другим бюджетам бюджетной системы Российской Федерации в валюте Российской Федерации | C20: =C21 -> 0 | D20: =D21 -> 0 | E20: =E21 -> 0
A21: 000 01 06 05 02 05 0000 640 | B21: Возврат бюджетных кредитов, предоставленных другим бюджетам бюджетной системы Российской Федерации из бюджетов муниципальных районов в валюте Российской Федерации
A22: 000 01 05 00 00 00 0000 000 | B22: Изменения остатков средств на счетах по учету средств бюджета | C22: 55.3 | D22: 82.9 | E22: 110.6
A23: 000 01 05 02 00 00 0000 500 | B23: Увеличение прочих остатков средств бюджетов | C23: =SUM(C24) -> -27916.5 | D23: =SUM(D24) -> -4944.5 | E23: =SUM(E24) -> -4474.9
A24: 000 01 05 02 01 00 0000 510 | B24: Увеличение прочих остатков денежных средств бюджетов | C24: =SUM(C25) -> -27916.5 | D24: =SUM(D25) -> -4944.5 | E24: =SUM(E25) -> -4474.9
A25: 000 01 05 02 01 10 0000 510 | B25: Увеличение прочих остатков денежных средств бюджетов сельских поселений | C25: =-'Приложение 2'!C10 -> -27916.5 | D25: =-'Приложение 2'!D10 -> -4944.5 | E25: =-'Приложение 2'!E10 -> -4474.9
A26: 000 01 05 02 00 00 0000 600 | B26: Уменьшение прочих остатков средств бюджетов | C26: =SUM(C27) -> 39703.5 | D26: =SUM(D27) -> 17054.9 | E26: =SUM(E27) -> 16893.1
A27: 000 01 05 02 01 00 0000 610 | B27: Уменьшение прочих остатков денежных средств бюджетов | C27: =SUM(C28) -> 39703.5 | D27: =SUM(D28) -> 17054.9 | E27: =SUM(E28) -> 16893.1
A28: 000 01 05 02 01 05 0000 610 | B28: Уменьшение прочих остатков денежных средств бюджетов муниципальных районов | C28: =-C17+'Приложение 3'!J7 -> 39703.5 | D28: =-D17+'Приложение 3'!K7 -> 17054.9 | E28: =-E17+'Приложение 3'!L7 -> 16893.1
A29: 000 01 00 00 00 00 0000 000 | B29: Итого источников внутреннего финансирования дефицита бюджета Ромодановского сельского поселения Ромодановского муниципального района Республики Мордовия
C30: 11731.7 | D30: 12027.5 | E30: 12307.6

Sheet прил8
D2: Приложение 9
D3: к решению Совета депутатов Ромодановского сельского поселения Ромодановского муниципального района Республики Мордовия "О бюджете Ромодановского сельского поселения Ромодановского муниципального района Республики Мордовия на 2022 год и на плановый период 2023 и 2024 годов"
A4: ПРОГРАММА МУНИЦИПАЛЬНЫХ ВНУТРЕННИХ ЗАИМСТВОВАНИЙ РОМОДАНОВСКОГО СЕЛЬСКОГО ПОСЕЛЕНИЯ РОМОДАНОВСКОГО МУНИЦИПАЛЬНОГО РАЙОНА РЕСПУБЛИКИ МОРДОВИЯ НА 2022 ГОД И НА ПЛАНОВЫЙ ПЕРИОД 2023 И 2024 ГОДОВ
A8: № п/п | B8: ВИДЫ ЗАИМСТВОВАНИЙ | C8: Сумма (тыс. рублей)
C9: 2022 год | D9: 2023 год | E9: 2024 год
A10: 1 | B10: 2 | C10: 3 | D10: 4 | E10: 5
A11: ВСЕГО
A12: I | B12: Кредиты кредитных организаций в валюте Российской Федерации | C12: =C14 -> 0 | D12: =D14 -> 0 | E12: =E14 -> 0
B13: в том числе
A14: 1 | B14: Объем привлечения
A15: 2 | B15: Объем средств, направляемых на погашение основной суммы долга
A16: 11 | B16: Бюджетные кредиты от других бюджетов бюджетной системы Российской Федерации | C16: =C19 -> -55.3 | D16: =D19 -> -82.9 | E16: =E19 -> -110.6
B17: в том числе
A18: 1 | B18: Объем привлечения
A19: 2 | B19: Объем средств, направляемых на погашение основной суммы долга | C19: ='прил 7'!C17 -> -55.3 | D19: ='прил 7'!D17 -> -82.9 | E19: ='прил 7'!E17 -> -110.6
B20: ВСЕГО | C20: =C14+C19 -> -55.3 | D20: =D14+D19 -> -82.9 | E20: =E14+E19 -> -110.6
